 Dungeon Crawl Stone Soup version 0.30-a0-142-g7370640ec8 (webtiles) character file.

Game seed: 2843195388501250702

514657 qw the Slayer (level 25, -3/181 HPs)
             Began as a Gargoyle Fighter on Sept 26, 2022.
             Was a Priest of the Shining One.
             Shot with an arrow by a deep elf master archer (24 damage)
             ... created by the fury of Okawaru
             ... on level 1 of the Crypt.
             The game lasted 00:34:12 (58968 turns).

qw the Slayer (Gargoyle Fighter)                   Turns: 58968, Time: 00:34:13

Health: -3/181     AC: 55    Str: 34    XL:     25   Next: 16%
Magic:  30/30      EV: 14    Int: 16    God:    the Shining One [***...]
Gold:   596        SH: 27    Dex:  8    Spells: 24/24 levels left

rFire   + . .      SeeInvis .    I - +1 broad axe (spect)
rCold   + . .      Faith    .    q - +2 tower shield
rNeg    + + +      Spirit   .    C - +8 plate armour of Meeclef {rF+ rC- Regen+ rCorr}
rPois   inf        Reflect  +    (no helmet)
rElec   +          Harm     .    t - scarf {repulsion}
rCorr   +          Rampage  .    L - +1 pair of gloves "Epsui" {Contam +Blink rElec rN+ Str+4}
Will    +....                    e - +0 pair of boots of Kangaz {rC+ Int+2}
Stlth   ..........               m - amulet of reflection
HPRegen 1.20/turn                j - +4 ring of protection
MPRegen 0.22/turn                c - +4 ring of evasion

@: about to teleport, flying, glowing, repel missiles, unable to read
A: sickness immunity, AC +19, big wings, negative energy resistance 1,
electricity resistance, torment resistance 1, petrification resistance, clever
1, cold resistance 1, deterioration 1, wild magic 2, inability to read after
injury 1
}: 3/15 runes: serpentine, barnacled, silver
a: Renounce Religion, Evoke Blink, Divine Shield, Cleansing Flame


You were on level 1 of the Crypt.
You worshipped the Shining One.
The Shining One was most pleased with you.
You visited 10 branches of the dungeon, and saw 45 of its levels.

You collected 5847 gold pieces.
You spent 5251 gold pieces at shops.


Innate Abilities, Weirdness & Mutations

You are immune to sickness and miasma.
Your stone body is resilient. (AC +19)
You are immune to poison.
Your large and strong wings let you fly.
You resist negative energy. (rN+)
You are resistant to electric shocks. (rElec)
You are resistant to unholy torment.
You are immune to petrification.
Your mind is acute. (Int +4, Str/Dex -1)
Your flesh is cold resistant. (rC+)
Your body sometimes deteriorates upon taking damage.
Your spells are harder to cast, but more powerful.
You occasionally lose the ability to read scrolls when taking damage.


   Skills:
 - Level 25.0 Fighting
 + Level 16.8 Axes
 - Level 14.0 Throwing
 - Level 21.1 Armour
 - Level 9.0 Dodging
 - Level 22.0 Shields
 - Level 10.0 Invocations


You had 24 spell levels left.
You didn't know any spells.
Your spell library was empty.

Inventory:

Hand Weapons
 I - a +1 spectral broad axe (weapon)
Missiles
 b - 40 boomerangs
 o - 2 boomerangs of dispersal
 J - 5 javelins
 M - 13 silver javelins (quivered)
 Q - 7 silver boomerangs
Armour
 e - the +0 pair of boots of Kangaz (worn) {rC+ Int+2}
   (You found it on level 11 of the Dungeon)

   Int:       It affects your intelligence (+2).
   rC:        It protects you from cold.
 g - +0 gold dragon scales
 n - a +2 pair of boots of rampaging
 q - a +2 tower shield (worn)
 t - a scarf of repulsion (worn)
 C - the +8 plate armour of Meeclef (worn) {rF+ rC- Regen+ rCorr}
   (Okawaru gifted it to you on level 2 of the Shoals)

   rF:        It protects you from fire.
   rC:        It makes you vulnerable to cold.
   Regen:     It increases your rate of health regeneration.
   rCorr:     It protects you from acid and corrosion.
 L - the +1 pair of gloves "Epsui" (worn) {Contam +Blink rElec rN+ Str+4}
   (Okawaru gifted it to you on level 3 of the Depths)

   Str:       It affects your strength (+4).
   rElec:     It insulates you from electricity.
   rN:        It protects you from negative energy.
   +Blink:    It lets you blink.
   Contam:    It causes magical contamination when unequipped.
 O - a +2 cloak
Jewellery
 c - a +4 ring of evasion (right hand)
 j - a +4 ring of protection (left hand)
 m - an amulet of reflection (around neck)
 p - a ring of protection from fire
 v - the ring "Fockev" {rC+ rN+ Will- MP+9}
   (You found it on level 5 of the Lair of Beasts)

   [ring of protection from cold]

   rC:        It protects you from cold.
   rN:        It protects you from negative energy.
   MP:        It affects your magic capacity (+9).
   Will:      It decreases your willpower.
 x - a ring of resist corrosion
 z - a ring of ice
 G - the ring "Lapob" {Wiz rPois rF+}
   (You found it on level 1 of the Vaults)

   [ring of wizardry]

   It improves your spell success rate.
   rF:        It protects you from fire.
   rPois:     It protects you from poison.
 K - a ring of resist corrosion
 P - a ring of ice
Scrolls
 a - 11 scrolls of teleportation
 h - 30 scrolls of identify
 A - a scroll of brand weapon
 D - 6 scrolls of enchant armour
Potions
 d - 7 potions of might
 f - 20 potions of curing
 i - 3 potions of cancellation
 l - 8 potions of attraction
 r - a potion of resistance
 s - 5 potions of haste
 B - 2 potions of magic
 H - 4 potions of lignification

Dungeon Overview and Level Annotations

Branches:
Dungeon (15/15)            Temple (1/1) D:5            Lair (5/5) D:8
 Shoals (4/4) Lair:2        Snake (4/4) Lair:3        Slime (0/5) Lair:4
    Orc (2/2) D:10            Elf (0/3) Orc:2        Vaults (5/5) D:13
  Crypt (1/3) Vaults:3     Depths (4/4) D:15            Zot (4/5) Depths:4

Altars:
Ashenzari
Cheibriados
Dithmenos
Elyvilon
Fedhas
Gozag
Hepliaklqana
Kikubaaqudgha
Makhleb
Nemelex Xobeh
Okawaru
Qazlal
Ru
Sif Muna
Trog
Uskayaw
Vehumet
Wu Jian
Xom
Yredelemnul
Zin
The Shining One

Shops:
D:4 ?[[:(   D:7 (   D:14 :*   Orc:2 =[*(   Shoals:1 [   Snake:3 (
Depths:2 *=[

Portals:
Hell: Depths:1 Depths:2 Depths:3 Depths:4
Abyss: Depths:3
Pandemonium: Depths:2 Depths:3
Ziggurat: Depths:1

Annotations:
Shoals:1 2 transporters
Shoals:3 3 runed translucent doors, Kehia's ghost, adept DrWn
Vaults:3 1 runed translucent door, abarbat's ghost, adept MiBe


Message History

You chop the stone giant into pieces!!!
You kill the stone giant!
That felt strangely unrewarding.
You slash the frost giant! You slice the stone giant!! You hit the stone giant.
Your +1 spectral broad axe hits the frost giant!!
Your +1 spectral broad axe hits the stone giant.
The deep elf master archer shoots an arrow.
You reflect the arrow off an invisible shield around you!
The arrow hits the stone giant!
The stone giant hits you. The frost giant casts a spell at you.
The bolt of cold hits you! You resist. You block the stone giant's attack.
The deep elf master archer shoots an arrow.
The arrow barely misses you.
You hear a shout!
58967 ||| READING 12 scrolls of teleportation.
As you read the scroll of teleportation, it crumbles to dust.
You feel strangely unstable. The stone giant hits you!!
The frost giant casts a spell at you. The bolt of cold misses you.
The bolt of cold hits the frost giant.
The frost giant resists.
You block the frost giant's attack. The stone giant closely misses you.
You slice the frost giant!!
The frost giant is heavily wounded.
You hit the deep elf master archer. You slash the stone giant!
You hit the frost giant but do no damage.
You slash the stone giant!
Your +1 spectral broad axe misses the deep elf master archer.
Your +1 spectral broad axe hits the frost giant.
The deep elf master archer shoots an arrow.
You reflect the arrow off an invisible shield around you!
The arrow hits the deep elf master archer!
The frost giant points at you and mumbles some strange words.
The bolt of cold misses you.
The bolt of cold hits the frost giant!
The frost giant resists.
You block the stone giant's attack. x2
The frost giant barely misses you.
The deep elf master archer shoots an arrow.
The arrow hits you!!
You feel threatened and lose the ability to read scrolls!
You die...

.................................
.................................
.#######.........................
.#######.................###.##.#
.##...''....#########....###.##.#
.##...##....#.......#...........#
.##...##....#.......#....##.....#
.##...##....#..(C...#....##.....#
.#######....#..e@C..#...........#
.#######....#..CC¤..#....########
............#.......#....########
.....%......#'#######............
...[........)....................
............................%....
........................###'###..
.........(.............##.)...##.
......................##.......##


You could see 2 frost giants, 2 stone giants, a deep elf master archer and a
friendly +1 spectral broad axe (summoned).

Vanquished Creatures
  2 orbs of fire
  Mara (Vaults:5)
  Vashnia (Snake:2)
  Margery (Depths:4)
  2 curse toes
  6 caustic shrikes
  6 golden dragons
  An electric golem (Zot:3)
  Jorgrun (Orc:1)
  A hellephant (Depths:3)
  14 tentacled monstrosities
  5 liches
  4 titans
  2 deep elf blademasters (Crypt:1)
  2 krakens
  5 death cobs
  Frances (D:14)
  Kirke (Lair:5)
  Agnes (D:14)
  5 tengu reavers
  6 shadow dragons
  A revenant (Crypt:1)
  10 storm dragons
  3 draconian monks
  3 sphinxes
  7 nagarajas
  A fenstrider witch (Zot:2)
  18 vault wardens
  9 fire giants
  A draconian knight (Depths:4)
  11 frost giants
  A balrug (Depths:2)
  An iron dragon (Vaults:5)
  5 draconian scorchers
  Aizul (Snake:4)
  A ghost moth (Zot:3)
  Louise (Shoals:1)
  3 draconian stormcallers
  6 ghouls (Crypt:1)
  2 orc warlords
  3 war gargoyles (Vaults:5)
  11 ironbound preservers
  3 draconian annihilators
  2 spriggan defenders (Depths:3)
  25 very ugly things
  A reaper (Vaults:3)
  12 stone giants
  5 vampire knights
  10 ironbound thunderhulks
  4 green draconians
  2 eleionomae (Shoals:2)
  25 dire elephants
  12 black draconians
  8 purple draconians
  9 white draconians
  11 yellow draconians
  8 spark wasps
  5 red draconians
  3 deep elf death magi
  An eidolon (Crypt:1)
  9 ettins
  A crystal guardian (Vaults:2)
  6 merfolk impalers
  12 fire dragons
  Josephine (D:11)
  4 great orbs of eyes
  A jiangshi (Crypt:1)
  A spriggan zombie (Crypt:1)
  4 rakshasas
  15 yaktaur captains
  2 hydras
  2 deep elf high priests (Vaults:5)
  9 ice dragons
  6 salamander tyrants
  35 vault guards
  A peacekeeper (Vaults:2)
  A boulder beetle (D:13)
  An ogre mage (D:15)
  11 anacondas
  A catoblepas (Lair:5)
  A spriggan skeleton (Crypt:1)
  10 ironbound frosthearts
  3 merfolk avatars
  3 spriggan air magi
  6 satyrs
  4 merfolk aquamancers
  14 two-headed ogres
  4 vampire magi
  12 centaur warriors
  3 alligator snapping turtles (Shoals:4)
  4 spriggan berserkers
  7 naga warriors
  15 naga sharpshooters
  4 tengu warriors
  6 death yaks
  12 deep troll earth magi
  12 deep troll shamans
  6 shock serpents
  9 hell knights
  2 orc high priests (Orc:2)
  A titan zombie (Crypt:1)
  2 sun demons
  Amaemon (D:9)
  A titan skeleton (Depths:1)
  A storm dragon zombie (Vaults:5)
  8 iron trolls
  8 salamander mystics
  A shadow wraith (Vaults:5)
  A steelbarb worm (shapeshifter) (Vaults:2)
  A swamp dragon (shapeshifter) (D:14)
  55 deep trolls
  A spectral anaconda (Snake:2)
  14 sea snakes
  7 anaconda zombies (Snake:2)
  5 glowing orange brains
  7 phantasmal warriors
  An obsidian statue (Vaults:2)
  4 wizards
  A flayed ghost (Depths:2)
  6 naga ritualists
  11 ironbound convokers
  6 orc knights
  Pikel (D:9)
  13 lindwurms
  2 deep elf archers (Crypt:1)
  48 ugly things
  12 harpies
  A deep elf pyromancer (D:14)
  8 necromancers
  3 anaconda skeletons (Snake:2)
  14 mana vipers
  21 fauns
  3 orc sorcerers
  19 salamanders
  5 cyclopes
  A goliath frog skeleton (Crypt:1)
  9 manticores
  A stone giant zombie (Vaults:2)
  17 moths of wrath
  13 merfolk sirens
  8 elephants
  A jorogumo skeleton (Crypt:1)
  28 black mambas
  6 water nymphs
  A smoke demon (Depths:2)
  A dire elephant zombie (Crypt:1)
  Maurice (Orc:1)
  18 naga magi
  2 fire giant skeletons
  3 orange demons
  An alligator snapping turtle zombie (Crypt:1)
  3 guardian serpents
  22 cane toads
  A centaur skeleton (Crypt:1)
  19 vault sentinels
  2 torpor snails
  A gargoyle (D:12)
  3 rime drakes
  2 unseen horrors (D:12)
  A rime drake (shapeshifter) (Vaults:5)
  52 yaktaurs
  An efreet (D:14)
  3 anaconda simulacra (Snake:2)
  5 freezing wraiths
  10 komodo dragons
  3 tengu conjurers
  A red devil (Depths:2)
  An ice devil (Depths:2)
  13 wind drakes
  4 harpy zombies (Crypt:1)
  10 trolls
  25 merfolk
  A tengu simulacrum (Vaults:2)
  8 hornets
  6 polar bears
  A polar bear (shapeshifter) (Vaults:5)
  A hydra skeleton (Crypt:1)
  7 blink frogs
  A wolf spider simulacrum (D:14)
  15 slime creatures
  10 snapping turtles
  2 frost giant simulacra (Depths:1)
  33 dream sheep
  2 jumping spiders (shapeshifter)
  Sigmund (D:4)
  17 spriggans
  9 wraiths
  2 water elementals (Shoals:3)
  2 wyverns
  54 yaks
  5 basilisks
  A chaos spawn (Depths:2)
  A human simulacrum (Vaults:2)
  3 hogs (Lair:5)
  2 steam dragons
  4 wargs
  Menkaure (D:4)
  34 nagas
  17 vampire mosquitoes
  A glowing shapeshifter zombie (Vaults:5)
  An acid dragon (D:11)
  11 water moccasins
  A floating eye (Depths:2)
  A two-headed ogre skeleton (Crypt:1)
  A glowing shapeshifter skeleton (Vaults:2)
  41 orc warriors
  An ice beast (D:7)
  A sky beast (D:7)
  5 black bears
  A spriggan simulacrum (Depths:1)
  25 wolves
  7 boggarts
  16 ogres
  28 centaurs
  A phantom (D:6)
  A kobold brigand (D:7)
  2 necrophages
  10 bullfrogs
  A human skeleton (Vaults:5)
  5 scorpions
  An elf skeleton (Crypt:1)
  A swamp dragon simulacrum (Crypt:1)
  16 killer bees
  2 electric eels (Lair:5)
  3 howler monkeys
  A hound (D:6)
  A jelly (D:5)
  8 orc priests
  An iguana (D:3)
  15 orc wizards
  Natasha (thrice) (D:4)
  An ogre zombie (Crypt:1)
  An acid dragon skeleton (Crypt:1)
  A howler monkey skeleton (Crypt:1)
  7 adders
  9 gnolls
  4 shadow imps
  A white imp (D:6)
  3 worms (D:3)
  4 dart slugs
  67 orcs
  10 bats
  6 endoplasms
  2 giant cockroaches
  10 goblins
  8 hobgoblins
  5 jackals
  4 quokkas
  5 ball pythons
  A frilled lizard (D:1)
  15 kobolds
  4 rats
  5 tentacles
1785 creatures vanquished.

Vanquished Creatures (others)
  A storm dragon (Depths:4)
  A draconian scorcher (Zot:3)
  A draconian stormcaller (Zot:2)
  2 yellow draconians (Zot:2)
  A merfolk aquamancer (Shoals:3)
  Erica (D:9)
  A salamander mystic (Snake:4)
  A wizard (Depths:2)
  A harpy (Shoals:3)
  A naga mage (Snake:3)
  118 fungi
  219 plants
  9 tentacles
357 creatures vanquished.

Grand Total: 2142 creatures vanquished

Notes
Turn   | Place    | Note
-------+----------+-------------------------------------------
     0 | D:1      | qw the Gargoyle Fighter began the quest for the Orb.
     0 | D:1      | Reached XP level 1. HP: 14/14 MP: 1/1
     0 | D:1      | 0 ||| qw: Version: 0.2-a-10-g399e6c4
     0 | D:1      | 0 ||| qw: Game counter: 435
     0 | D:1      | 0 ||| qw: Always use a shield: true
     0 | D:1      | 0 ||| qw: God list: Okawaru
     0 | D:1      | 0 ||| qw: Allow faded altars: false
     0 | D:1      | 0 ||| qw: Do Orc after D:15 true
     0 | D:1      | 0 ||| qw: Do second Lair branch before Depths: true
     0 | D:1      | 0 ||| qw: Lair rune preference: random
     0 | D:1      | 0 ||| qw: Plans: Normal, Zot:1-4, God:TSO, Crypt, Tomb,
                  | Pan, Slime:5, Hells, Abyss, Orb
     0 | D:1      | 0 ||| PLANNING D:1-11
    60 | D:1      | 60 ||| DROPPING +2 vorpal hand axe.
    74 | D:1      | Reached XP level 2. HP: 9/19 MP: 2/2
   390 | D:1      | 390 ||| Stepping ~*~*~tactically~*~*~ (hiding).
   563 | D:1      | Reached skill level 3 in Axes
   634 | D:1      | Reached XP level 3. HP: 23/23 MP: 3/3
   760 | D:1      | Found a faded altar of an unknown god.
   814 | D:1      | 814 ||| DROPPING +0 whip.
   990 | D:1      | 990 ||| UPGRADING to +4 ring of protection.
   991 | D:1      | 991 ||| READING 2 scrolls labelled XUOP QAMODWU.
   992 | D:1      | 992 ||| READING 3 scrolls labelled YNWAMO YCEGGE.
   993 | D:1      | 993 ||| DRINKING 2 white potions.
   994 | D:1      | 994 ||| DROPPING scroll of amnesia.
   995 | D:1      | 995 ||| DROPPING potion of flight.
   996 | D:1      | 996 ||| DROPPING 2 scrolls of poison.
  1014 | D:2      | 1014 ||| STAIRDANCE
  1167 | D:2      | Reached skill level 1 in Throwing
  1170 | D:2      | Reached XP level 4. HP: 14/28 MP: 4/4
  1325 | D:2      | 1325 ||| DROPPING +3 whip.
  1965 | D:2      | 1965 ||| READING scroll labelled IKHEC QOUMM.
  2066 | D:2      | 2066 ||| READING 4 scrolls labelled PAYXTOODEA.
  2067 | D:2      | 2067 ||| READING scroll labelled IFUCZU IPPYOM.
  2068 | D:2      | 2068 ||| DRINKING 2 golden potions.
  2069 | D:2      | 2069 ||| READING 3 scrolls of identify.
  2069 | D:2      | 2069 ||| IDENTIFYING ruby potion
  2070 | D:2      | 2070 ||| READING 2 scrolls of identify.
  2070 | D:2      | 2070 ||| IDENTIFYING inky potion
  2071 | D:2      | 2071 ||| DROPPING potion of brilliance.
  2230 | D:3      | Found a hide-covered altar of Uskayaw.
  2260 | D:3      | 2260 ||| Stepping ~*~*~tactically~*~*~ (stealth).
  2464 | D:3      | Reached XP level 5. HP: 32/32 MP: 5/5
  2664 | D:3      | 2664 ||| Stepping ~*~*~tactically~*~*~ (stealth).
  2690 | D:3      | 2690 ||| FLEEEEING.
  2692 | D:3      | 2692 ||| FLEEEEING.
  2695 | D:3      | 2695 ||| FLEEEEING.
  2696 | D:3      | 2696 ||| FLEEEEING.
  2697 | D:3      | 2697 ||| FLEEEEING.
  2698 | D:3      | 2698 ||| FLEEEEING.
  2699 | D:3      | 2699 ||| FLEEEEING.
  2715 | D:3      | 2715 ||| FLEEEEING.
  2775 | D:3      | 2775 ||| Stepping ~*~*~tactically~*~*~ (stealth).
  2777 | D:3      | 2777 ||| Stepping ~*~*~tactically~*~*~ (stealth).
  2780 | D:3      | 2780 ||| Stepping ~*~*~tactically~*~*~ (stealth).
  2781 | D:3      | 2781 ||| Stepping ~*~*~tactically~*~*~ (stealth).
  2879 | D:3      | 2879 ||| Stepping ~*~*~tactically~*~*~ (stealth).
  2880 | D:3      | 2880 ||| Stepping ~*~*~tactically~*~*~ (stealth).
  2918 | D:3      | 2918 ||| Stepping ~*~*~tactically~*~*~ (hiding).
  3185 | D:3      | 3185 ||| READING 2 scrolls labelled DENEQ UTIS.
  3188 | D:3      | 3188 ||| READING 2 scrolls labelled SAAT RIYMORA.
  3189 | D:3      | 3189 ||| READING scroll of brand weapon.
  3189 | D:3      | 3189 ||| BRANDING +0 war axe of freezing.
  3190 | D:3      | 3190 ||| DRINKING 3 red potions.
  3239 | D:4      | Found Gimaj's Magic Scroll Emporium.
  3242 | D:4      | 3242 ||| SHOPLISTING scroll of enchant armour (105 gold,
                  | have 90).
  3252 | D:4      | Noticed Natasha
  3255 | D:4      | Killed Natasha
  3284 | D:4      | Noticed Natasha
  3287 | D:4      | Killed Natasha
  3288 | D:4      | Reached XP level 6. HP: 38/38 MP: 6/6
  3290 | D:4      | Noticed Menkaure
  3292 | D:4      | Killed Menkaure
  3293 | D:4      | Reached skill level 4 in Fighting
  3295 | D:4      | 3295 ||| Stepping ~*~*~tactically~*~*~ (stealth).
  3303 | D:4      | Reached skill level 1 in Dodging
  3311 | D:4      | 3311 ||| DROPPING +0 flail.
  3323 | D:4      | Found Meqi Qom's Antique Armour Shop.
  3367 | D:4      | 3367 ||| BUYING cloak (85 gold).
  3367 | D:4      | Bought a cloak for 85 gold pieces
  3367 | D:4      | 3367 ||| SHOPLISTING distressingly furry scale mail (171
                  | gold, have 50).
  3367 | D:4      | 3367 ||| SHOPLISTING pair of gloves (85 gold, have 50).
  3367 | D:4      | 3367 ||| SHOPLISTING runed plate armour (494 gold, have
                  | 50).
  3386 | D:4      | Found a glowing silver altar of Zin.
  3440 | D:4      | Found Vikoeb's Book Shoppe.
  3484 | D:4      | Found Fiept's Antique Weapon Shoppe.
  3494 | D:4      | 3494 ||| SHOPLISTING fading flail (178 gold, have 126).
  3502 | D:4      | Noticed Sigmund
  3503 | D:4      | 3503 ||| Stepping ~*~*~tactically~*~*~ (hiding).
  3511 | D:4      | 3511 ||| DRINKING 5 potions of curing.
  3511 | D:4      | 3511 ||| (to cure confusion)
  3519 | D:4      | Killed Sigmund
  3520 | D:4      | Reached skill level 6 in Axes
  3520 | D:4      | Reached XP level 7. HP: 30/44 MP: 7/7
  3736 | D:4      | Found a burning altar of Makhleb.
  3892 | D:4      | Found Wudghar's Armour Emporium.
  3899 | D:4      | 3899 ||| Stepping ~*~*~tactically~*~*~ (hiding).
  3900 | D:4      | 3900 ||| Stepping ~*~*~tactically~*~*~ (hiding).
  3912 | D:4      | 3912 ||| SHOPLISTING +2 pair of boots of rampaging (258
                  | gold, have 149).
  3912 | D:4      | 3912 ||| SHOPLISTING quicksilver dragon scales (720 gold,
                  | have 149).
  3940 | D:4      | Noticed Natasha
  3941 | D:4      | 3941 ||| Stepping ~*~*~tactically~*~*~ (stealth).
  3944 | D:4      | Killed Natasha
  3974 | D:4      | Found a broken altar of Ashenzari.
  4231 | D:4      | 4231 ||| UPGRADING to +0 cloak.
  4236 | D:4      | 4236 ||| UPGRADING to +0 kite shield.
  4246 | D:4      | 4246 ||| DROPPING +0 buckler.
  4247 | D:4      | 4247 ||| DROPPING ring of magical power.
  4248 | D:4      | 4248 ||| READING scroll labelled ENEEGU KOREHEFET.
  4249 | D:4      | 4249 ||| READING scroll labelled GOICELIQOUT.
  4250 | D:4      | 4250 ||| READING scroll labelled YFAGOL LUUG.
  4251 | D:4      | 4251 ||| READING scroll labelled TID XAUTZIAG.
  4252 | D:4      | 4252 ||| DRINKING 2 bubbling emerald potions.
  4293 | D:5      | Entered Level 5 of the Dungeon
  4393 | D:5      | Reached XP level 8. HP: 48/48 MP: 8/8
  4482 | D:5      | Reached skill level 6 in Shields
  4556 | D:5      | 4556 ||| Stepping ~*~*~tactically~*~*~ (hiding).
  5012 | D:5      | Found a staircase to the Ecumenical Temple.
  5013 | D:5      | 5013 ||| PLANNING TEMPLE
  5013 | D:5      | 5013 ||| READING scroll labelled JEDUXUOXZO.
  5014 | D:5      | 5014 ||| READING 2 scrolls of identify.
  5014 | D:5      | 5014 ||| IDENTIFYING pink potion
  5023 | Temple   | Entered the Ecumenical Temple
  5025 | Temple   | 5025 ||| PLANNING OKAWARU WORSHIP
  5148 | Temple   | Became a worshipper of Warmaster Okawaru
  5149 | Temple   | 5149 ||| PLANNING D:1-11
  5340 | D:6      | 5340 ||| Stepping ~*~*~tactically~*~*~ (water).
  5380 | D:6      | Reached skill level 5 in Fighting
  5426 | D:6      | 5426 ||| Stepping ~*~*~tactically~*~*~ (cloud).
  5428 | D:6      | 5428 ||| Stepping ~*~*~tactically~*~*~ (cloud).
  5645 | D:6      | 5645 ||| Stepping ~*~*~tactically~*~*~ (hiding).
  5790 | D:6      | Found a sparkling altar of Nemelex Xobeh.
  5902 | D:6      | 5902 ||| Stepping ~*~*~tactically~*~*~ (hiding).
  5903 | D:6      | 5903 ||| Stepping ~*~*~tactically~*~*~ (hiding).
  5907 | D:6      | Reached * piety under Okawaru
  6354 | D:6      | 6354 ||| UPGRADING to +0 pair of gloves.
  6359 | D:6      | 6359 ||| READING 2 scrolls labelled DANKASK SOPNYM.
  6360 | D:6      | 6360 ||| READING scroll of enchant weapon.
  6360 | D:6      | 6360 ||| ENCHANTING +0 spectral war axe.
  6417 | D:7      | 6417 ||| INVOKING Heroism.
  6424 | D:7      | Reached XP level 9. HP: 54/54 MP: 6/9
  6427 | D:7      | Reached skill level 1 in Invocations
  6552 | D:7      | 6552 ||| INVOKING Heroism.
  6598 | D:7      | 6598 ||| Stepping ~*~*~tactically~*~*~ (hiding).
  6610 | D:7      | 6610 ||| Stepping ~*~*~tactically~*~*~ (stealth).
  6615 | D:7      | 6615 ||| INVOKING Heroism.
  6620 | D:7      | Reached skill level 3 in Invocations
  6681 | D:7      | Reached skill level 6 in Fighting
  6836 | D:7      | Found Fanao's Antique Weapon Emporium.
  6936 | D:7      | 6936 ||| Stepping ~*~*~tactically~*~*~ (hiding).
  6939 | D:7      | 6939 ||| INVOKING Heroism.
  7156 | D:7      | 7156 ||| BUYING fine flail (238 gold).
  7156 | D:7      | Bought a fine flail for 238 gold pieces
  7156 | D:7      | Identified the +7 flail "Goblin's Nightmare" {protect,
                  | rElec Str+2} (You bought it in a shop on level 7 of the
                  | Dungeon)
  7156 | D:7      | 7156 ||| DROPPING +1 vorpal flail.
  7157 | D:7      | 7157 ||| UPGRADING to +1 pair of boots.
  7162 | D:7      | 7162 ||| UPGRADING to +0 chain mail.
  7172 | D:7      | 7172 ||| DROPPING +0 scale mail.
  7173 | D:7      | 7173 ||| UPGRADING to +4 ring of evasion.
  7269 | D:8      | 7269 ||| INVOKING Heroism.
  7416 | D:8      | Noticed a hornet
  7417 | D:8      | 7417 ||| Stepping ~*~*~tactically~*~*~ (stealth).
  7420 | D:8      | 7420 ||| Stepping ~*~*~tactically~*~*~ (stealth).
  7427 | D:8      | 7427 ||| INVOKING Heroism.
  7429 | D:8      | Killed a hornet
  7434 | D:8      | Reached ** piety under Okawaru
  7440 | D:8      | Reached skill level 9 in Axes
  7603 | D:8      | 7603 ||| Stepping ~*~*~tactically~*~*~ (stealth).
  7704 | D:8      | Paralysed by an orc for 5 turns
  7709 | D:8      | 7709 ||| INVOKING Heroism.
  7712 | D:8      | 7712 ||| DRINKING 9 potions of curing.
  7712 | D:8      | 7712 ||| (to cure confusion)
  7751 | D:8      | Found a staircase to the Lair.
  7826 | D:8      | Reached XP level 10. HP: 48/60 MP: 13/13
  8146 | D:8      | 8146 ||| INVOKING Heroism.
  8150 | D:8      | 8150 ||| Stepping ~*~*~tactically~*~*~ (stealth).
  8252 | D:8      | 8252 ||| PLANNING LAIR
  8252 | D:8      | 8252 ||| UPGRADING to +0 plate armour.
  8262 | D:8      | 8262 ||| DROPPING +0 chain mail.
  8263 | D:8      | 8263 ||| READING scroll labelled LUAPSE GOBAM.
  8301 | Lair:1   | Entered Level 1 of the Lair of Beasts
  8301 | Lair:1   | Noticed a cane toad
  8302 | Lair:1   | 8302 ||| INVOKING Heroism.
  8305 | Lair:1   | Killed a cane toad
  8306 | Lair:1   | Reached skill level 6 in Armour
  8334 | Lair:1   | 8334 ||| INVOKING Heroism.
  8341 | Lair:1   | Reached skill level 7 in Fighting
  8343 | Lair:1   | Noticed a cane toad
  8343 | Lair:1   | 8343 ||| Stepping ~*~*~tactically~*~*~ (stealth).
  8356 | Lair:1   | 8356 ||| INVOKING Heroism.
  8362 | Lair:1   | Killed a cane toad
  8362 | Lair:1   | Reached *** piety under Okawaru
  8363 | Lair:1   | Reached skill level 9 in Shields
  8452 | Lair:1   | Noticed a cane toad
  8455 | Lair:1   | 8455 ||| INVOKING Heroism.
  8461 | Lair:1   | Killed a cane toad
  8520 | Lair:1   | 8520 ||| INVOKING Heroism.
  8573 | Lair:1   | 8573 ||| READING scroll of enchant weapon.
  8573 | Lair:1   | 8573 ||| ENCHANTING +1 spectral war axe.
  8736 | Lair:1   | Noticed a cane toad
  8737 | Lair:1   | 8737 ||| INVOKING Heroism.
  8745 | Lair:1   | Killed a cane toad
  9119 | Lair:1   | 9119 ||| UPGRADING to +0 tower shield.
  9129 | Lair:1   | 9129 ||| DROPPING +0 kite shield.
  9130 | Lair:1   | 9130 ||| READING 4 scrolls of identify.
  9130 | Lair:1   | 9130 ||| IDENTIFYING sapphire potion
  9131 | Lair:1   | 9131 ||| DROPPING potion of degeneration.
  9150 | Lair:2   | 9150 ||| STAIRDANCE
  9156 | Lair:2   | 9156 ||| INVOKING Heroism.
  9158 | Lair:2   | Reached **** piety under Okawaru
  9160 | Lair:2   | Reached XP level 11. HP: 67/67 MP: 11/14
  9184 | Lair:2   | 9184 ||| INVOKING Heroism.
  9237 | Lair:2   | 9237 ||| INVOKING Heroism.
  9260 | Lair:2   | 9260 ||| INVOKING Heroism.
  9458 | Lair:2   | 9458 ||| INVOKING Heroism.
  9528 | Lair:2   | 9528 ||| INVOKING Heroism.
  9534 | Lair:2   | Reached skill level 6 in Invocations
  9583 | Lair:2   | Noticed a death yak
  9583 | Lair:2   | Noticed a death yak
  9584 | Lair:2   | 9584 ||| INVOKING Heroism.
  9594 | Lair:2   | Killed a death yak
  9597 | Lair:2   | Killed a death yak
  9597 | Lair:2   | Reached ***** piety under Okawaru
  9601 | Lair:2   | 9601 ||| INVOKING Heroism.
  9722 | Lair:2   | 9722 ||| READING scroll of enchant armour.
  9722 | Lair:2   | 9722 ||| ENCHANTING +0 pair of gloves.
  9735 | Lair:2   | 9735 ||| Stepping ~*~*~tactically~*~*~ (hiding).
  9736 | Lair:2   | 9736 ||| Stepping ~*~*~tactically~*~*~ (hiding).
  9748 | Lair:2   | 9748 ||| Stepping ~*~*~tactically~*~*~ (stealth).
  9786 | Lair:2   | 9786 ||| INVOKING Heroism.
  9861 | Lair:2   | 9861 ||| INVOKING Heroism.
  9935 | Lair:2   | 9935 ||| READING 5 scrolls of identify.
  9935 | Lair:2   | 9935 ||| IDENTIFYING silvery potion
  9936 | Lair:2   | 9936 ||| READING 3 scrolls of teleportation.
  9969 | Lair:2   | Noticed a death yak
  9971 | Lair:2   | 9971 ||| INVOKING Heroism.
  9972 | Lair:2   | 9972 ||| INVOKING Finesse.
  9982 | Lair:2   | Killed a death yak
 10048 | Lair:2   | 10048 ||| Stepping ~*~*~tactically~*~*~ (hiding).
 10076 | Lair:2   | 10076 ||| INVOKING Heroism.
 10083 | Lair:2   | Received a gift from Okawaru
 10091 | Lair:2   | 10091 ||| SWAPPING to +0 broad axe of flaming.
 10092 | Lair:2   | 10092 ||| DROPPING +2 spectral war axe.
 10093 | Lair:2   | 10093 ||| DROPPING +7 flail "Goblin's Nightmare" {protect,
                  | rElec Str+2}.
 10102 | Lair:2   | 10102 ||| Stepping ~*~*~tactically~*~*~ (stealth).
 10204 | Lair:2   | 10204 ||| Stepping ~*~*~tactically~*~*~ (stealth).
 10206 | Lair:2   | 10206 ||| INVOKING Heroism.
 10231 | Lair:2   | 10231 ||| Stepping ~*~*~tactically~*~*~ (stealth).
 10233 | Lair:2   | 10233 ||| Stepping ~*~*~tactically~*~*~ (stealth).
 10236 | Lair:2   | 10236 ||| INVOKING Heroism.
 10245 | Lair:2   | Reached skill level 12 in Shields
 10245 | Lair:2   | 10245 ||| Stepping ~*~*~tactically~*~*~ (stealth).
 10246 | Lair:2   | 10246 ||| Stepping ~*~*~tactically~*~*~ (stealth).
 10250 | Lair:2   | Reached XP level 12. HP: 72/72 MP: 18/18
 10257 | Lair:2   | Reached skill level 9 in Invocations
 10283 | Lair:2   | Found a staircase to the Shoals.
 10376 | Lair:2   | 10376 ||| DRINKING 2 smoky blue potions.
 10410 | Lair:2   | 10410 ||| Stepping ~*~*~tactically~*~*~ (stealth).
 10411 | Lair:2   | 10411 ||| Stepping ~*~*~tactically~*~*~ (stealth).
 10414 | Lair:2   | 10414 ||| Stepping ~*~*~tactically~*~*~ (stealth).
 10417 | Lair:2   | 10417 ||| Stepping ~*~*~tactically~*~*~ (stealth).
 10420 | Lair:2   | 10420 ||| Stepping ~*~*~tactically~*~*~ (stealth).
 10421 | Lair:2   | 10421 ||| Stepping ~*~*~tactically~*~*~ (stealth).
 10422 | Lair:2   | 10422 ||| DROPPING potion of berserk rage.
 10424 | Lair:2   | 10424 ||| INVOKING Heroism.
 10537 | Lair:3   | 10537 ||| INVOKING Heroism.
 10547 | Lair:3   | Received a gift from Okawaru
 10645 | Lair:3   | Found a staircase to the Snake Pit.
 10648 | Lair:3   | 10648 ||| Stepping ~*~*~tactically~*~*~ (stealth).
 10649 | Lair:3   | 10649 ||| Stepping ~*~*~tactically~*~*~ (stealth).
 10664 | Lair:3   | 10664 ||| Stepping ~*~*~tactically~*~*~ (hiding).
 10683 | Lair:3   | 10683 ||| INVOKING Heroism.
 10718 | Lair:3   | 10718 ||| Stepping ~*~*~tactically~*~*~ (stealth).
 10724 | Lair:3   | 10724 ||| INVOKING Heroism.
 11035 | Lair:3   | Noticed a six-headed hydra
 11037 | Lair:3   | 11037 ||| INVOKING Heroism.
 11047 | Lair:3   | Killed a two-headed hydra
 11153 | Lair:3   | 11153 ||| Stepping ~*~*~tactically~*~*~ (hiding).
 11161 | Lair:3   | Reached skill level 8 in Fighting
 11562 | Lair:3   | 11562 ||| INVOKING Heroism.
 11816 | Lair:3   | 11816 ||| UPGRADING to +0 helmet of intelligence.
 11821 | Lair:3   | 11821 ||| DROPPING ring of wizardry.
 11822 | Lair:3   | 11822 ||| READING 5 scrolls of identify.
 11822 | Lair:3   | 11822 ||| IDENTIFYING coppery potion
 11823 | Lair:3   | 11823 ||| DROPPING potion of invisibility.
 11866 | Lair:4   | 11866 ||| INVOKING Heroism.
 11920 | Lair:4   | 11920 ||| Stepping ~*~*~tactically~*~*~ (stealth).
 11921 | Lair:4   | 11921 ||| Stepping ~*~*~tactically~*~*~ (stealth).
 11924 | Lair:4   | 11924 ||| INVOKING Heroism.
 11964 | Lair:4   | 11964 ||| READING scroll of enchant weapon.
 11964 | Lair:4   | 11964 ||| ENCHANTING +0 broad axe of flaming.
 11982 | Lair:4   | 11982 ||| Stepping ~*~*~tactically~*~*~ (hiding).
 12076 | Lair:4   | Found a staircase to the Slime Pits.
 12083 | Lair:4   | Noticed a death yak
 12084 | Lair:4   | 12084 ||| INVOKING Heroism.
 12085 | Lair:4   | 12085 ||| INVOKING Finesse.
 12090 | Lair:4   | Noticed a death yak
 12090 | Lair:4   | Noticed a death yak
 12100 | Lair:4   | Killed a death yak
 12100 | Lair:4   | Received a gift from Okawaru
 12104 | Lair:4   | 12104 ||| Stepping ~*~*~tactically~*~*~ (stealth).
 12113 | Lair:4   | Killed a death yak
 12116 | Lair:4   | Killed a death yak
 12117 | Lair:4   | Reached XP level 13. HP: 55/78 MP: 15/20
 12334 | Lair:4   | 12334 ||| Stepping ~*~*~tactically~*~*~ (stealth).
 12388 | Lair:4   | Identified the +3 battleaxe "Asso" {vorpal, Will+ Int-2
                  | Dex+4} (Okawaru gifted it to you on level 4 of the Lair of
                  | Beasts)
 12388 | Lair:4   | Received a gift from Okawaru
 12474 | Lair:4   | 12474 ||| INVOKING Heroism.
 12771 | Lair:4   | Reached skill level 3 in Throwing
 12857 | Lair:4   | 12857 ||| Stepping ~*~*~tactically~*~*~ (stealth).
 12858 | Lair:4   | 12858 ||| Stepping ~*~*~tactically~*~*~ (stealth).
 12859 | Lair:4   | 12859 ||| Stepping ~*~*~tactically~*~*~ (stealth).
 12860 | Lair:4   | 12860 ||| INVOKING Heroism.
 12865 | Lair:4   | Reached skill level 9 in Fighting
 12875 | Lair:4   | 12875 ||| Stepping ~*~*~tactically~*~*~ (stealth).
 12876 | Lair:4   | 12876 ||| Stepping ~*~*~tactically~*~*~ (stealth).
 12877 | Lair:4   | 12877 ||| Stepping ~*~*~tactically~*~*~ (stealth).
 12892 | Lair:4   | 12892 ||| INVOKING Heroism.
 13112 | Lair:5   | Entered Level 5 of the Lair of Beasts
 13113 | Lair:5   | 13113 ||| INVOKING Heroism.
 13116 | Lair:5   | 13116 ||| STAIRDANCE
 13159 | Lair:5   | 13159 ||| STAIRDANCE
 13170 | Lair:4   | 13170 ||| INVOKING Heroism.
 13296 | Lair:5   | Reached skill level 9 in Armour
 13394 | Lair:5   | 13394 ||| INVOKING Heroism.
 13420 | Lair:5   | Received a gift from Okawaru
 13434 | Lair:5   | 13434 ||| Stepping ~*~*~tactically~*~*~ (stealth).
 13438 | Lair:5   | 13438 ||| INVOKING Heroism.
 13488 | Lair:5   | 13488 ||| INVOKING Heroism.
 13489 | Lair:5   | 13489 ||| INVOKING Finesse.
 13602 | Lair:5   | 13602 ||| Stepping ~*~*~tactically~*~*~ (stealth).
 13611 | Lair:5   | Reached skill level 12 in Axes
 13716 | Lair:5   | 13716 ||| Stepping ~*~*~tactically~*~*~ (stealth).
 13717 | Lair:5   | 13717 ||| Stepping ~*~*~tactically~*~*~ (stealth).
 13774 | Lair:5   | 13774 ||| INVOKING Heroism.
 13782 | Lair:5   | Identified the +10 falchion "Zyamm" {freeze, rCorr}
                  | (Okawaru gifted it to you on level 5 of the Lair of Beasts)
 13782 | Lair:5   | Received a gift from Okawaru
 13870 | Lair:5   | 13870 ||| INVOKING Heroism.
 13931 | Lair:5   | 13931 ||| INVOKING Heroism.
 14027 | Lair:5   | 14027 ||| INVOKING Heroism.
 14093 | Lair:5   | 14093 ||| Stepping ~*~*~tactically~*~*~ (hiding).
 14094 | Lair:5   | 14094 ||| Stepping ~*~*~tactically~*~*~ (hiding).
 14334 | Lair:5   | 14334 ||| Stepping ~*~*~tactically~*~*~ (stealth).
 14348 | Lair:5   | 14348 ||| Stepping ~*~*~tactically~*~*~ (stealth).
 14352 | Lair:5   | 14352 ||| INVOKING Heroism.
 14416 | Lair:5   | 14416 ||| Stepping ~*~*~tactically~*~*~ (stealth).
 14421 | Lair:5   | 14421 ||| Stepping ~*~*~tactically~*~*~ (stealth).
 14423 | Lair:5   | 14423 ||| INVOKING Heroism.
 14434 | Lair:5   | 14434 ||| INVOKING Finesse.
 14439 | Lair:5   | 14439 ||| INVOKING Heroism.
 14443 | Lair:5   | Reached skill level 10 in Fighting
 14448 | Lair:5   | Gained mutation: Your large and strong wings let you fly.
                  | [Gargoyle growth]
 14448 | Lair:5   | Reached XP level 14. HP: 33/88 MP: 13/21
 14462 | Lair:5   | HP: 18/88 [spriggan/+0 dagger (7)]
 14463 | Lair:5   | 14463 ||| READING 4 scrolls of teleportation.
 14464 | Lair:5   | 14464 ||| DRINKING 2 potions of heal wounds.
 14467 | Lair:5   | 14467 ||| DRINKING potion of heal wounds.
 14486 | Lair:5   | 14486 ||| FLEEEEING.
 14487 | Lair:5   | 14487 ||| FLEEEEING.
 14488 | Lair:5   | 14488 ||| FLEEEEING.
 14490 | Lair:5   | 14490 ||| INVOKING Heroism.
 14609 | Lair:5   | 14609 ||| FLEEEEING.
 14610 | Lair:5   | 14610 ||| FLEEEEING.
 14611 | Lair:5   | 14611 ||| FLEEEEING.
 14612 | Lair:5   | 14612 ||| FLEEEEING.
 14613 | Lair:5   | 14613 ||| FLEEEEING.
 14614 | Lair:5   | 14614 ||| FLEEEEING.
 14615 | Lair:5   | 14615 ||| FLEEEEING.
 14616 | Lair:5   | 14616 ||| FLEEEEING.
 14617 | Lair:5   | 14617 ||| FLEEEEING.
 14618 | Lair:5   | 14618 ||| STAIRDANCE
 14732 | Lair:4   | 14732 ||| DROPPING ring of willpower.
 14797 | Lair:5   | 14797 ||| Stepping ~*~*~tactically~*~*~ (stealth).
 14800 | Lair:5   | 14800 ||| Stepping ~*~*~tactically~*~*~ (stealth).
 14801 | Lair:5   | 14801 ||| INVOKING Heroism.
 14844 | Lair:5   | 14844 ||| Stepping ~*~*~tactically~*~*~ (stealth).
 14850 | Lair:5   | 14850 ||| Stepping ~*~*~tactically~*~*~ (stealth).
 14888 | Lair:5   | 14888 ||| Stepping ~*~*~tactically~*~*~ (stealth).
 14889 | Lair:5   | 14889 ||| INVOKING Heroism.
 14890 | Lair:5   | 14890 ||| INVOKING Finesse.
 14984 | Lair:5   | 14984 ||| Stepping ~*~*~tactically~*~*~ (stealth).
 14986 | Lair:5   | 14986 ||| Stepping ~*~*~tactically~*~*~ (hiding).
 14988 | Lair:5   | 14988 ||| INVOKING Heroism.
 14989 | Lair:5   | 14989 ||| INVOKING Finesse.
 14997 | Lair:5   | Received a gift from Okawaru
 15060 | Lair:5   | Identified the ring "Fockev" {rC+ rN+ Will- MP+9}
 15103 | Lair:5   | Noticed Kirke
 15104 | Lair:5   | 15104 ||| Stepping ~*~*~tactically~*~*~ (stealth).
 15106 | Lair:5   | 15106 ||| INVOKING Heroism.
 15107 | Lair:5   | 15107 ||| INVOKING Finesse.
 15110 | Lair:5   | 15110 ||| Stepping ~*~*~tactically~*~*~ (hiding).
 15113 | Lair:5   | 15113 ||| Stepping ~*~*~tactically~*~*~ (hiding).
 15125 | Lair:5   | Killed Kirke
 15146 | Lair:5   | 15146 ||| Stepping ~*~*~tactically~*~*~ (stealth).
 15240 | Lair:5   | 15240 ||| Stepping ~*~*~tactically~*~*~ (stealth).
 15241 | Lair:5   | 15241 ||| INVOKING Heroism.
 15242 | Lair:5   | 15242 ||| INVOKING Finesse.
 15319 | Lair:5   | 15319 ||| PLANNING D:1-11
 15319 | Lair:5   | 15319 ||| DROPPING ring of see invisible.
 15333 | Lair:5   | 15333 ||| Stepping ~*~*~tactically~*~*~ (stealth).
 15545 | D:9      | Received a gift from Okawaru
 15655 | D:9      | Noticed Erica
 15656 | D:9      | 15656 ||| INVOKING Heroism.
 15657 | D:9      | 15657 ||| INVOKING Finesse.
 15672 | D:9      | Killed Erica
 15959 | D:9      | 15959 ||| INVOKING Heroism.
 16374 | D:9      | Found a sacrificial altar of Ru.
 16374 | D:9      | Found a shimmering altar of Xom.
 16498 | D:9      | Noticed Amaemon
 16500 | D:9      | 16500 ||| INVOKING Heroism.
 16508 | D:9      | Killed Amaemon
 16556 | D:9      | Noticed Pikel
 16557 | D:9      | 16557 ||| INVOKING Heroism.
 16558 | D:9      | 16558 ||| Stepping ~*~*~tactically~*~*~ (stealth).
 16563 | D:9      | Killed Pikel
 16619 | D:9      | 16619 ||| Stepping ~*~*~tactically~*~*~ (hiding).
 16756 | D:9      | 16756 ||| READING scroll labelled BUTREE MOADAU.
 16761 | D:10     | Entered Level 10 of the Dungeon
 16788 | D:10     | Found a staircase to the Orcish Mines.
 16796 | D:10     | 16796 ||| INVOKING Heroism.
 16798 | D:10     | Reached skill level 15 in Shields
 16830 | D:10     | 16830 ||| Stepping ~*~*~tactically~*~*~ (hiding).
 16835 | D:10     | 16835 ||| INVOKING Heroism.
 16968 | D:10     | Found a flagged portal.
 16974 | D:10     | Identified the +11 hand axe of Luxury {vorpal, Str+2}
 17019 | D:10     | 17019 ||| Stepping ~*~*~tactically~*~*~ (stealth).
 17021 | D:10     | 17021 ||| Stepping ~*~*~tactically~*~*~ (stealth).
 17027 | D:10     | 17027 ||| INVOKING Heroism.
 17047 | D:10     | 17047 ||| Stepping randomly (cloudy).
 17048 | D:10     | 17048 ||| Stepping randomly (cloudy).
 17058 | D:10     | Found a radiant altar of Vehumet.
 17214 | D:10     | 17214 ||| Stepping ~*~*~tactically~*~*~ (stealth).
 17542 | D:10     | 17542 ||| Stepping ~*~*~tactically~*~*~ (stealth).
 17578 | D:10     | 17578 ||| READING 8 scrolls of identify.
 17578 | D:10     | 17578 ||| IDENTIFYING fuming white potion
 17579 | D:10     | 17579 ||| DROPPING potion of ambrosia.
 17606 | D:11     | 17606 ||| STAIRDANCE
 17643 | D:11     | Identified the +0 pair of boots of Kangaz {rC+ Int+2}
 17763 | D:11     | 17763 ||| INVOKING Heroism.
 17860 | D:11     | 17860 ||| READING scroll of enchant armour.
 17860 | D:11     | 17860 ||| ENCHANTING +1 pair of gloves.
 17874 | D:11     | Noticed Josephine
 17875 | D:11     | 17875 ||| Stepping ~*~*~tactically~*~*~ (hiding).
 17892 | D:11     | Killed Josephine
 18010 | D:11     | 18010 ||| FLEEEEING.
 18011 | D:11     | 18011 ||| FLEEEEING.
 18012 | D:11     | 18012 ||| FLEEEEING.
 18013 | D:11     | 18013 ||| FLEEEEING.
 18014 | D:11     | 18014 ||| FLEEEEING.
 18017 | D:11     | 18017 ||| FLEEEEING.
 18018 | D:11     | 18018 ||| FLEEEEING.
 18019 | D:11     | 18019 ||| FLEEEEING.
 18045 | D:11     | 18045 ||| INVOKING Heroism.
 18243 | D:11     | 18243 ||| READING scroll of enchant weapon.
 18243 | D:11     | 18243 ||| ENCHANTING +1 broad axe of flaming.
 18419 | D:11     | 18419 ||| PLANNING D
 18419 | D:11     | 18419 ||| UPGRADING to +0 pair of boots of Kangaz {rC+
                  | Int+2}.
 18437 | D:12     | 18437 ||| STAIRDANCE
 18479 | D:12     | 18479 ||| Stepping randomly (disturbance).
 18530 | D:12     | 18530 ||| Stepping ~*~*~tactically~*~*~ (hiding).
 18714 | D:12     | 18714 ||| INVOKING Heroism.
 19135 | D:12     | 19135 ||| INVOKING Heroism.
 19178 | D:12     | 19178 ||| Stepping ~*~*~tactically~*~*~ (stealth).
 19367 | D:12     | 19367 ||| DROPPING amulet of magic regeneration.
 19368 | D:12     | 19368 ||| UPGRADING to amulet of the acrobat.
 19443 | D:13     | 19443 ||| INVOKING Heroism.
 19687 | D:13     | Received a gift from Okawaru
 19700 | D:13     | Found a gate to the Vaults.
 19814 | D:13     | 19814 ||| INVOKING Heroism.
 19960 | D:13     | 19960 ||| INVOKING Heroism.
 19962 | D:13     | 19962 ||| INVOKING Finesse.
 20085 | D:13     | 20085 ||| INVOKING Heroism.
 20086 | D:13     | 20086 ||| INVOKING Finesse.
 20151 | D:13     | 20151 ||| INVOKING Heroism.
 20162 | D:13     | Reached XP level 15. HP: 93/93 MP: 20/22
 20280 | D:13     | Received a gift from Okawaru
 20288 | D:13     | 20288 ||| Stepping ~*~*~tactically~*~*~ (stealth).
 20292 | D:13     | 20292 ||| Stepping ~*~*~tactically~*~*~ (stealth).
 20301 | D:13     | 20301 ||| Stepping ~*~*~tactically~*~*~ (stealth).
 20306 | D:13     | 20306 ||| SWAPPING to +0 vampiric war axe.
 20315 | D:13     | Reached skill level 11 in Fighting
 20579 | D:13     | 20579 ||| DRINKING 2 fizzy cyan potions.
 20579 | D:13     | Gained mutation: Your mind is acute. (Int +4, Str/Dex -1)
                  | [potion of mutation]
 20654 | D:14     | Noticed Agnes
 20655 | D:14     | 20655 ||| INVOKING Heroism.
 20656 | D:14     | 20656 ||| INVOKING Finesse.
 20678 | D:14     | Killed Agnes
 20811 | D:14     | Found Usmocloo's Tremendous Tomes.
 20854 | D:14     | Found Muyluric's General Store.
 20864 | D:14     | 20864 ||| Stepping ~*~*~tactically~*~*~ (stealth).
 20985 | D:14     | You are sucked into a shaft and drop 1 floor!
 20985 | D:15     | Entered Level 15 of the Dungeon
 20989 | D:15     | 20989 ||| Stepping ~*~*~tactically~*~*~ (stealth).
 20992 | D:15     | 20992 ||| Stepping ~*~*~tactically~*~*~ (stealth).
 20994 | D:15     | 20994 ||| Stepping ~*~*~tactically~*~*~ (stealth).
 20997 | D:15     | 20997 ||| INVOKING Heroism.
 21027 | D:15     | 21027 ||| INVOKING Heroism.
 21143 | D:14     | 21143 ||| INVOKING Heroism.
 21240 | D:14     | 21240 ||| Stepping ~*~*~tactically~*~*~ (hiding).
 21242 | D:14     | 21242 ||| Stepping ~*~*~tactically~*~*~ (hiding).
 21407 | D:14     | 21407 ||| Stepping ~*~*~tactically~*~*~ (hiding).
 21408 | D:14     | 21408 ||| Stepping ~*~*~tactically~*~*~ (hiding).
 21707 | D:14     | Noticed Frances
 21708 | D:14     | 21708 ||| INVOKING Heroism.
 21709 | D:14     | 21709 ||| INVOKING Finesse.
 21724 | D:14     | Killed Frances
 22010 | D:14     | 22010 ||| UPGRADING to +2 helmet.
 22020 | D:14     | 22020 ||| DROPPING +0 helmet of intelligence.
 22112 | D:15     | 22112 ||| Stepping ~*~*~tactically~*~*~ (stealth).
 22115 | D:15     | 22115 ||| Stepping ~*~*~tactically~*~*~ (stealth).
 22141 | D:15     | 22141 ||| Stepping ~*~*~tactically~*~*~ (stealth).
 22142 | D:15     | 22142 ||| Stepping ~*~*~tactically~*~*~ (stealth).
 22189 | D:15     | 22189 ||| Stepping ~*~*~tactically~*~*~ (stealth).
 22272 | D:15     | 22272 ||| INVOKING Heroism.
 22567 | D:15     | 22567 ||| Stepping ~*~*~tactically~*~*~ (stealth).
 22569 | D:15     | 22569 ||| Stepping ~*~*~tactically~*~*~ (hiding).
 22572 | D:15     | 22572 ||| INVOKING Heroism.
 22595 | D:15     | 22595 ||| INVOKING Heroism.
 22597 | D:15     | Reached skill level 15 in Axes
 22646 | D:15     | 22646 ||| INVOKING Heroism.
 22646 | D:15     | Paralysed by an ogre mage for 5 turns
 22921 | D:15     | 22921 ||| INVOKING Heroism.
 22932 | D:15     | Received a gift from Okawaru
 23063 | D:15     | Found a staircase to the Depths.
 23103 | D:15     | 23103 ||| INVOKING Heroism.
 23135 | D:15     | Reached skill level 6 in Throwing
 23168 | D:15     | 23168 ||| Stepping ~*~*~tactically~*~*~ (stealth).
 23170 | D:15     | 23170 ||| Stepping ~*~*~tactically~*~*~ (stealth).
 23171 | D:15     | 23171 ||| INVOKING Heroism.
 23584 | D:15     | 23584 ||| PLANNING ORC
 23749 | Orc:1    | Entered Level 1 of the Orcish Mines
 23771 | Orc:1    | 23771 ||| INVOKING Heroism.
 23829 | Orc:1    | Noticed Jorgrun
 23830 | Orc:1    | 23830 ||| INVOKING Heroism.
 23831 | Orc:1    | 23831 ||| INVOKING Finesse.
 23853 | Orc:1    | Killed Jorgrun
 23854 | Orc:1    | Reached skill level 12 in Fighting
 23854 | Orc:1    | Reached XP level 16. HP: 31/101 MP: 17/23
 24181 | Orc:1    | 24181 ||| Stepping ~*~*~tactically~*~*~ (hiding).
 24182 | Orc:1    | 24182 ||| Stepping ~*~*~tactically~*~*~ (hiding).
 24183 | Orc:1    | 24183 ||| INVOKING Heroism.
 24233 | Orc:1    | 24233 ||| Stepping ~*~*~tactically~*~*~ (stealth).
 24236 | Orc:1    | 24236 ||| Stepping ~*~*~tactically~*~*~ (hiding).
 24237 | Orc:1    | 24237 ||| Stepping ~*~*~tactically~*~*~ (stealth).
 24239 | Orc:1    | 24239 ||| Stepping ~*~*~tactically~*~*~ (stealth).
 24243 | Orc:1    | 24243 ||| INVOKING Heroism.
 24325 | Orc:1    | 24325 ||| Stepping ~*~*~tactically~*~*~ (stealth).
 24327 | Orc:1    | 24327 ||| INVOKING Heroism.
 24361 | Orc:1    | 24361 ||| UPGRADING to +0 plate armour of cold resistance.
 24371 | Orc:1    | 24371 ||| DROPPING +0 plate armour.
 24381 | Orc:2    | Entered Level 2 of the Orcish Mines
 24382 | Orc:2    | 24382 ||| INVOKING Heroism.
 24383 | Orc:2    | 24383 ||| STAIRDANCE
 24416 | Orc:2    | 24416 ||| STAIRDANCE
 24422 | Orc:2    | 24422 ||| STAIRDANCE
 24429 | Orc:2    | 24429 ||| STAIRDANCE
 24441 | Orc:2    | 24441 ||| STAIRDANCE
 24447 | Orc:2    | 24447 ||| STAIRDANCE
 24462 | Orc:2    | 24462 ||| STAIRDANCE
 24464 | Orc:1    | 24464 ||| INVOKING Heroism.
 24473 | Orc:2    | 24473 ||| STAIRDANCE
 24475 | Orc:1    | 24475 ||| INVOKING Finesse.
 24601 | Orc:2    | 24601 ||| STAIRDANCE
 24628 | Orc:2    | 24628 ||| STAIRDANCE
 24630 | Orc:1    | 24630 ||| INVOKING Heroism.
 24649 | Orc:2    | 24649 ||| STAIRDANCE
 24663 | Orc:2    | Found a staircase to the Elven Halls.
 24689 | Orc:2    | 24689 ||| INVOKING Heroism.
 24780 | Orc:2    | 24780 ||| Stepping ~*~*~tactically~*~*~ (hiding).
 24811 | Orc:2    | 24811 ||| INVOKING Heroism.
 24854 | Orc:2    | Received a gift from Okawaru
 24859 | Orc:2    | 24859 ||| INVOKING Heroism.
 24959 | Orc:2    | 24959 ||| FLEEEEING.
 24960 | Orc:2    | 24960 ||| FLEEEEING.
 24961 | Orc:2    | 24961 ||| FLEEEEING.
 24963 | Orc:2    | 24963 ||| STAIRDANCE
 25097 | Orc:2    | Found Ryur's General Store.
 25128 | Orc:2    | 25128 ||| BUYING amulet of reflection (420 gold).
 25128 | Orc:2    | Bought an amulet of reflection for 420 gold pieces
 25128 | Orc:2    | 25128 ||| BUYING potion of might (56 gold).
 25128 | Orc:2    | Bought a potion of might for 56 gold pieces
 25128 | Orc:2    | 25128 ||| BUYING scroll of enchant weapon (105 gold).
 25128 | Orc:2    | Bought a scroll of enchant weapon for 105 gold pieces
 25128 | Orc:2    | 25128 ||| READING scroll of enchant weapon.
 25128 | Orc:2    | 25128 ||| ENCHANTING +0 vampiric war axe.
 25178 | Orc:2    | Found Woategge's Antique Weapon Boutique.
 25179 | Orc:2    | 25179 ||| Stepping ~*~*~tactically~*~*~ (stealth).
 25183 | Orc:2    | 25183 ||| INVOKING Heroism.
 25335 | Orc:2    | 25335 ||| Stepping ~*~*~tactically~*~*~ (hiding).
 25338 | Orc:2    | 25338 ||| Stepping ~*~*~tactically~*~*~ (hiding).
 25340 | Orc:2    | 25340 ||| INVOKING Heroism.
 25343 | Orc:2    | 25343 ||| INVOKING Finesse.
 25382 | Orc:2    | 25382 ||| DRINKING 3 potions of cancellation.
 25387 | Orc:2    | HP: 15/101 [orc warlord/+0 great mace (22)]
 25388 | Orc:2    | 25388 ||| READING 7 scrolls of teleportation.
 25389 | Orc:2    | 25389 ||| DRINKING 3 potions of heal wounds.
 25457 | Orc:2    | 25457 ||| INVOKING Heroism.
 25557 | Orc:2    | 25557 ||| INVOKING Heroism.
 25558 | Orc:2    | 25558 ||| INVOKING Finesse.
 25631 | Orc:2    | 25631 ||| INVOKING Heroism.
 25686 | Orc:2    | Found Vukimoabb's Antique Armour Emporium.
 25689 | Orc:2    | 25689 ||| Stepping ~*~*~tactically~*~*~ (hiding).
 25690 | Orc:2    | 25690 ||| INVOKING Heroism.
 25712 | Orc:2    | 25712 ||| BUYING faintly glowing hat (288 gold).
 25712 | Orc:2    | Bought a faintly glowing hat for 288 gold pieces
 25712 | Orc:2    | Identified the +2 hat of Etiur {rPois SInv} (You bought it
                  | in a shop on level 2 of the Orcish Mines)
 25712 | Orc:2    | 25712 ||| BUYING pair of runed gloves (240 gold).
 25712 | Orc:2    | Bought a pair of runed gloves for 240 gold pieces
 25712 | Orc:2    | 25712 ||| BUYING shiny plate armour (832 gold).
 25712 | Orc:2    | Bought a shiny plate armour for 832 gold pieces
 25749 | Orc:2    | 25749 ||| INVOKING Heroism.
 25790 | Orc:2    | Found Xonyec's Jewellery Boutique.
 25811 | Orc:2    | 25811 ||| SHOPLISTING ring of fire (400 gold, have 66).
 25811 | Orc:2    | 25811 ||| SHOPLISTING ring of protection from fire (400
                  | gold, have 66).
 25919 | Orc:2    | 25919 ||| DROPPING +2 scale mail of fire resistance.
 25920 | Orc:2    | 25920 ||| UPGRADING to +2 hat of Etiur {rPois SInv}.
 25930 | Orc:2    | 25930 ||| UPGRADING to +2 pair of gloves of dexterity.
 25940 | Orc:2    | 25940 ||| DROPPING +2 pair of gloves.
 25941 | Orc:2    | 25941 ||| UPGRADING to amulet of reflection.
 25951 | Orc:2    | 25951 ||| DROPPING amulet of the acrobat.
 25987 | Orc:1    | Noticed Maurice
 25992 | Orc:1    | 25992 ||| Stepping ~*~*~tactically~*~*~ (hiding).
 25997 | Orc:1    | 25997 ||| Stepping ~*~*~tactically~*~*~ (hiding).
 25998 | Orc:1    | 25998 ||| Stepping ~*~*~tactically~*~*~ (hiding).
 26005 | Orc:1    | Killed Maurice
 26159 | Orc:1    | 26159 ||| PLANNING SHOALS:1-3
 26359 | Shoals:1 | Entered Level 1 of the Shoals
 26368 | Shoals:1 | 26368 ||| Stepping ~*~*~tactically~*~*~ (hiding).
 26369 | Shoals:1 | 26369 ||| Stepping ~*~*~tactically~*~*~ (hiding).
 26371 | Shoals:1 | 26371 ||| INVOKING Heroism.
 26372 | Shoals:1 | 26372 ||| Stepping ~*~*~tactically~*~*~ (hiding).
 26375 | Shoals:1 | 26375 ||| Stepping ~*~*~tactically~*~*~ (hiding).
 26378 | Shoals:1 | 26378 ||| Stepping ~*~*~tactically~*~*~ (hiding).
 26381 | Shoals:1 | 26381 ||| INVOKING Finesse.
 26384 | Shoals:1 | 26384 ||| INVOKING Heroism.
 26479 | Shoals:1 | 26479 ||| INVOKING Heroism.
 26488 | Shoals:1 | Reached skill level 3 in Dodging
 26552 | Shoals:1 | 26552 ||| INVOKING Heroism.
 26640 | Shoals:1 | Found a frozen archway.
 26777 | Shoals:1 | 26777 ||| INVOKING Heroism.
 26869 | Shoals:1 | 26869 ||| INVOKING Heroism.
 26925 | Shoals:1 | Found a transporter.
 26925 | Shoals:1 | Found the +8 storm bow {elec, penet}
 26958 | Shoals:1 | 26958 ||| INVOKING Heroism.
 27043 | Shoals:1 | Found a transporter.
 27098 | Shoals:1 | Noticed Louise
 27101 | Shoals:1 | 27101 ||| INVOKING Heroism.
 27102 | Shoals:1 | 27102 ||| INVOKING Finesse.
 27126 | Shoals:1 | Killed Louise
 27126 | Shoals:1 | Received a gift from Okawaru
 27162 | Shoals:1 | Found Suil's Antique Armour Shoppe.
 27386 | Shoals:2 | 27386 ||| INVOKING Heroism.
 27454 | Shoals:1 | Reached skill level 12 in Armour
 27544 | Shoals:2 | 27544 ||| INVOKING Heroism.
 27583 | Shoals:2 | Received a gift from Okawaru
 27680 | Shoals:2 | 27680 ||| INVOKING Heroism.
 27721 | Shoals:2 | Identified the +8 plate armour of Meeclef {rF+ rC- Regen+
                  | rCorr} (Okawaru gifted it to you on level 2 of the Shoals)
 27721 | Shoals:2 | Received a gift from Okawaru
 27729 | Shoals:2 | Identified the +9 shortbow "Ucotazin" {venom, rF+ Str+3
                  | Dex+5}
 27731 | Shoals:2 | Identified the +5 chain mail of Bad Feelings {rElec}
 27764 | Shoals:2 | 27764 ||| INVOKING Heroism.
 27793 | Shoals:2 | Reached skill level 13 in Fighting
 27854 | Shoals:2 | Reached XP level 17. HP: 98/108 MP: 24/24
 28013 | Shoals:2 | 28013 ||| Stepping ~*~*~tactically~*~*~ (hiding).
 28433 | Shoals:2 | 28433 ||| DROPPING +0 chain mail of fire resistance.
 28434 | Shoals:2 | 28434 ||| DROPPING +0 acid dragon scales.
 28435 | Shoals:2 | 28435 ||| DROPPING +2 hat.
 28436 | Shoals:2 | 28436 ||| UPGRADING to +8 plate armour of Meeclef {rF+ rC-
                  | Regen+ rCorr}.
 28446 | Shoals:2 | 28446 ||| DROPPING +1 plate armour of poison resistance.
 28447 | Shoals:2 | 28447 ||| DROPPING +5 chain mail of Bad Feelings {rElec}.
 28448 | Shoals:2 | 28448 ||| READING 12 scrolls of identify.
 28448 | Shoals:2 | 28448 ||| IDENTIFYING sedimented silvery potion
 28483 | Shoals:1 | 28483 ||| BUYING pair of embroidered gloves (180 gold).
 28483 | Shoals:1 | Bought a pair of embroidered gloves for 180 gold pieces
 28483 | Shoals:1 | 28483 ||| DROPPING +2 pair of gloves of dexterity.
 28512 | Shoals:3 | 28512 ||| INVOKING Heroism.
 28643 | Shoals:3 | Noticed a kraken
 28644 | Shoals:3 | 28644 ||| INVOKING Heroism.
 28660 | Shoals:3 | Killed a kraken
 28688 | Shoals:3 | 28688 ||| Stepping ~*~*~tactically~*~*~ (hiding).
 28689 | Shoals:3 | 28689 ||| Stepping ~*~*~tactically~*~*~ (hiding).
 28712 | Shoals:3 | 28712 ||| INVOKING Heroism.
 28877 | Shoals:3 | 28877 ||| INVOKING Heroism.
 28973 | Shoals:3 | 28973 ||| INVOKING Heroism.
 29031 | Shoals:3 | Found a runed translucent gate.
 29032 | Shoals:3 | Found a runed translucent gate.
 29033 | Shoals:3 | Found a runed translucent gate.
 29310 | Shoals:3 | 29310 ||| Stepping ~*~*~tactically~*~*~ (hiding).
 29311 | Shoals:3 | 29311 ||| Stepping ~*~*~tactically~*~*~ (hiding).
 29573 | Shoals:3 | Noticed Kehia's ghost (adept DrWn)
 29576 | Shoals:3 | 29576 ||| PLANNING SNAKE:1-3
 29676 | Snake:1  | Entered Level 1 of the Snake Pit
 29697 | Snake:1  | 29697 ||| INVOKING Heroism.
 29715 | Snake:1  | 29715 ||| Stepping ~*~*~tactically~*~*~ (hiding).
 29741 | Snake:1  | 29741 ||| Stepping ~*~*~tactically~*~*~ (hiding).
 29742 | Snake:1  | 29742 ||| Stepping ~*~*~tactically~*~*~ (hiding).
 29743 | Snake:1  | 29743 ||| Stepping ~*~*~tactically~*~*~ (hiding).
 29750 | Snake:1  | 29750 ||| INVOKING Heroism.
 29773 | Snake:1  | Identified the +3 hand axe "Tinin" {freeze, *Slow Will++}
                  | (Okawaru gifted it to you on level 1 of the Snake Pit)
 29773 | Snake:1  | Received a gift from Okawaru
 29867 | Snake:1  | 29867 ||| Stepping ~*~*~tactically~*~*~ (stealth).
 29868 | Snake:1  | 29868 ||| Stepping ~*~*~tactically~*~*~ (hiding).
 29869 | Snake:1  | 29869 ||| Stepping ~*~*~tactically~*~*~ (hiding).
 29870 | Snake:1  | 29870 ||| Stepping ~*~*~tactically~*~*~ (hiding).
 29875 | Snake:1  | 29875 ||| INVOKING Heroism.
 29894 | Snake:1  | 29894 ||| Stepping ~*~*~tactically~*~*~ (hiding).
 29958 | Snake:1  | 29958 ||| Stepping ~*~*~tactically~*~*~ (hiding).
 30152 | Snake:1  | 30152 ||| Stepping ~*~*~tactically~*~*~ (hiding).
 30154 | Snake:1  | 30154 ||| INVOKING Heroism.
 30167 | Snake:1  | Reached skill level 14 in Fighting
 30239 | Snake:1  | 30239 ||| READING scroll labelled NIKKUA ZOLECIWATE.
 30261 | Snake:2  | 30261 ||| INVOKING Heroism.
 30267 | Snake:2  | Reached skill level 18 in Shields
 30508 | Snake:2  | 30508 ||| Stepping ~*~*~tactically~*~*~ (hiding).
 30515 | Snake:2  | 30515 ||| INVOKING Heroism.
 30661 | Snake:2  | 30661 ||| INVOKING Heroism.
 30710 | Snake:2  | Noticed Vashnia
 30725 | Snake:2  | 30725 ||| INVOKING Heroism.
 30732 | Snake:2  | Received a gift from Okawaru
 30767 | Snake:2  | Killed Vashnia
 30767 | Snake:2  | Received a gift from Okawaru
 30834 | Snake:2  | Reached ****** piety under Okawaru
 30949 | Snake:2  | 30949 ||| Stepping ~*~*~tactically~*~*~ (hiding).
 30950 | Snake:2  | 30950 ||| Stepping ~*~*~tactically~*~*~ (hiding).
 30957 | Snake:2  | 30957 ||| Stepping ~*~*~tactically~*~*~ (hiding).
 30962 | Snake:2  | 30962 ||| INVOKING Heroism.
 30968 | Snake:2  | Identified the +1 hat "Teab" {Dex+2} (Okawaru gifted it to
                  | you on level 2 of the Snake Pit)
 30968 | Snake:2  | Received a gift from Okawaru
 30975 | Snake:2  | Reached skill level 15 in Fighting
 30975 | Snake:2  | Reached XP level 18. HP: 119/119 MP: 23/25
 30976 | Snake:2  | 30976 ||| Stepping ~*~*~tactically~*~*~ (stealth).
 30986 | Snake:2  | 30986 ||| Stepping ~*~*~tactically~*~*~ (hiding).
 30987 | Snake:2  | 30987 ||| Stepping ~*~*~tactically~*~*~ (hiding).
 30992 | Snake:2  | 30992 ||| Stepping ~*~*~tactically~*~*~ (hiding).
 31268 | Snake:2  | 31268 ||| INVOKING Heroism.
 31323 | Snake:2  | 31323 ||| INVOKING Heroism.
 31749 | Snake:2  | 31749 ||| DROPPING +1 hat "Teab" {Dex+2}.
 31776 | Snake:3  | 31776 ||| Stepping ~*~*~tactically~*~*~ (hiding).
 31777 | Snake:3  | 31777 ||| Stepping ~*~*~tactically~*~*~ (hiding).
 31951 | Snake:3  | 31951 ||| Stepping ~*~*~tactically~*~*~ (hiding).
 31954 | Snake:3  | 31954 ||| Stepping ~*~*~tactically~*~*~ (hiding).
 32014 | Snake:3  | 32014 ||| Stepping ~*~*~tactically~*~*~ (hiding).
 32022 | Snake:3  | 32022 ||| INVOKING Heroism.
 32065 | Snake:3  | 32065 ||| Stepping ~*~*~tactically~*~*~ (hiding).
 32083 | Snake:3  | 32083 ||| INVOKING Heroism.
 32123 | Snake:3  | 32123 ||| Stepping ~*~*~tactically~*~*~ (hiding).
 32138 | Snake:3  | Identified the amulet of Ydeket {Faith Will- Int+2 Dex+2}
 32144 | Snake:3  | Found Coxzog's Antique Weapon Boutique.
 32164 | Snake:3  | 32164 ||| Stepping ~*~*~tactically~*~*~ (hiding).
 32171 | Snake:3  | 32171 ||| INVOKING Heroism.
 32302 | Snake:3  | 32302 ||| Stepping ~*~*~tactically~*~*~ (hiding).
 32360 | Snake:3  | 32360 ||| INVOKING Heroism.
 32396 | Snake:3  | Reached skill level 9 in Throwing
 32678 | Snake:3  | 32678 ||| INVOKING Heroism.
 32886 | Snake:3  | 32886 ||| PLANNING SHOALS:4
 32886 | Snake:3  | 32886 ||| DROPPING amulet of Ydeket {Faith Will- Int+2
                  | Dex+2}.
 33066 | Shoals:4 | Entered Level 4 of the Shoals
 33067 | Shoals:4 | 33067 ||| INVOKING Heroism.
 33103 | Shoals:4 | 33103 ||| INVOKING Heroism.
 33142 | Shoals:4 | 33142 ||| INVOKING Finesse.
 33182 | Shoals:4 | 33182 ||| INVOKING Heroism.
 33416 | Shoals:4 | 33416 ||| Stepping ~*~*~tactically~*~*~ (stealth).
 33418 | Shoals:4 | 33418 ||| Stepping ~*~*~tactically~*~*~ (hiding).
 33422 | Shoals:4 | 33422 ||| INVOKING Heroism.
 33522 | Shoals:4 | 33522 ||| INVOKING Heroism.
 33626 | Shoals:4 | 33626 ||| Stepping ~*~*~tactically~*~*~ (stealth).
 33632 | Shoals:4 | 33632 ||| READING 10 scrolls of teleportation.
 33633 | Shoals:4 | 33633 ||| Waiting to end mesmerise (stuck).
 33634 | Shoals:4 | 33634 ||| Waiting to end mesmerise (stuck).
 33635 | Shoals:4 | 33635 ||| Waiting to end mesmerise (stuck).
 33636 | Shoals:4 | 33636 ||| Waiting to end mesmerise (stuck).
 33658 | Shoals:4 | 33658 ||| Stepping ~*~*~tactically~*~*~ (hiding).
 33664 | Shoals:4 | 33664 ||| Stepping ~*~*~tactically~*~*~ (hiding).
 33674 | Shoals:4 | Reached skill level 16 in Fighting
 33677 | Shoals:4 | 33677 ||| Stepping ~*~*~tactically~*~*~ (hiding).
 33696 | Shoals:4 | 33696 ||| INVOKING Heroism.
 33755 | Shoals:4 | 33755 ||| Stepping ~*~*~tactically~*~*~ (hiding).
 33761 | Shoals:4 | 33761 ||| INVOKING Heroism.
 34161 | Shoals:4 | 34161 ||| Stepping ~*~*~tactically~*~*~ (hiding).
 34175 | Shoals:4 | 34175 ||| INVOKING Heroism.
 34186 | Shoals:4 | Received a gift from Okawaru
 34203 | Shoals:4 | 34203 ||| Stepping ~*~*~tactically~*~*~ (stealth).
 34206 | Shoals:4 | 34206 ||| INVOKING Finesse.
 34253 | Shoals:4 | Got a barnacled rune of Zot
 34397 | Shoals:4 | 34397 ||| Stepping ~*~*~tactically~*~*~ (stealth).
 34437 | Shoals:4 | 34437 ||| PLANNING VAULTS:1-4
 34765 | Vaults:1 | Entered Level 1 of the Vaults
 34979 | Vaults:1 | Identified the +1 leather armour of Thoughtfulness {Will+}
 34988 | Vaults:1 | 34988 ||| Stepping ~*~*~tactically~*~*~ (hiding).
 34989 | Vaults:1 | 34989 ||| Stepping ~*~*~tactically~*~*~ (hiding).
 34996 | Vaults:1 | 34996 ||| INVOKING Heroism.
 35014 | Vaults:1 | Reached skill level 15 in Armour
 35053 | Vaults:1 | 35053 ||| INVOKING Heroism.
 35064 | Vaults:1 | Reached XP level 19. HP: 125/125 MP: 24/26
 35073 | Vaults:1 | Received a gift from Okawaru
 35088 | Vaults:1 | 35088 ||| Stepping ~*~*~tactically~*~*~ (stealth).
 35142 | Vaults:1 | 35142 ||| INVOKING Heroism.
 35155 | Vaults:1 | 35155 ||| INVOKING Finesse.
 35181 | Vaults:1 | Reached skill level 17 in Fighting
 35184 | Vaults:1 | 35184 ||| Stepping ~*~*~tactically~*~*~ (hiding).
 35210 | Vaults:1 | 35210 ||| Stepping ~*~*~tactically~*~*~ (hiding).
 35211 | Vaults:1 | 35211 ||| Stepping ~*~*~tactically~*~*~ (hiding).
 35470 | Vaults:1 | 35470 ||| Stepping ~*~*~tactically~*~*~ (stealth).
 35471 | Vaults:1 | 35471 ||| Stepping ~*~*~tactically~*~*~ (stealth).
 35476 | Vaults:1 | 35476 ||| INVOKING Heroism.
 36175 | Vaults:1 | Identified the ring "Lapob" {Wiz rPois rF+}
 36266 | Vaults:1 | 36266 ||| UPGRADING to scarf of repulsion.
 36276 | Vaults:1 | 36276 ||| READING 23 scrolls of identify.
 36276 | Vaults:1 | 36276 ||| IDENTIFYING lumpy clear potion
 36329 | Vaults:2 | 36329 ||| INVOKING Heroism.
 36335 | Vaults:2 | 36335 ||| Stepping ~*~*~tactically~*~*~ (hiding).
 36453 | Vaults:2 | 36453 ||| FLEEEEING.
 36454 | Vaults:2 | 36454 ||| FLEEEEING.
 36455 | Vaults:2 | 36455 ||| FLEEEEING.
 36456 | Vaults:2 | 36456 ||| FLEEEEING.
 36457 | Vaults:2 | 36457 ||| FLEEEEING.
 36458 | Vaults:2 | 36458 ||| FLEEEEING.
 36459 | Vaults:2 | 36459 ||| FLEEEEING.
 36461 | Vaults:2 | 36461 ||| FLEEEEING.
 36462 | Vaults:2 | 36462 ||| FLEEEEING.
 36463 | Vaults:2 | 36463 ||| FLEEEEING.
 36464 | Vaults:2 | 36464 ||| FLEEEEING.
 36465 | Vaults:2 | 36465 ||| FLEEEEING.
 36466 | Vaults:2 | 36466 ||| FLEEEEING.
 36467 | Vaults:2 | 36467 ||| FLEEEEING.
 36468 | Vaults:2 | 36468 ||| FLEEEEING.
 36469 | Vaults:2 | 36469 ||| FLEEEEING.
 36470 | Vaults:2 | 36470 ||| FLEEEEING.
 36471 | Vaults:2 | 36471 ||| FLEEEEING.
 36472 | Vaults:2 | 36472 ||| FLEEEEING.
 36473 | Vaults:2 | 36473 ||| FLEEEEING.
 36497 | Vaults:2 | 36497 ||| FLEEEEING.
 36498 | Vaults:2 | 36498 ||| FLEEEEING.
 36499 | Vaults:2 | 36499 ||| FLEEEEING.
 36500 | Vaults:2 | 36500 ||| FLEEEEING.
 36501 | Vaults:2 | 36501 ||| FLEEEEING.
 36502 | Vaults:2 | 36502 ||| FLEEEEING.
 36503 | Vaults:2 | 36503 ||| FLEEEEING.
 36507 | Vaults:2 | 36507 ||| STAIRDANCE
 36617 | Vaults:2 | 36617 ||| STAIRDANCE
 36805 | Vaults:2 | 36805 ||| FLEEEEING.
 36806 | Vaults:2 | 36806 ||| FLEEEEING.
 36807 | Vaults:2 | 36807 ||| FLEEEEING.
 36809 | Vaults:2 | 36809 ||| FLEEEEING.
 36843 | Vaults:2 | 36843 ||| FLEEEEING.
 36844 | Vaults:2 | 36844 ||| FLEEEEING.
 36845 | Vaults:2 | 36845 ||| FLEEEEING.
 36846 | Vaults:2 | 36846 ||| FLEEEEING.
 36847 | Vaults:2 | 36847 ||| FLEEEEING.
 36848 | Vaults:2 | 36848 ||| FLEEEEING.
 36849 | Vaults:2 | 36849 ||| FLEEEEING.
 37112 | Vaults:2 | 37112 ||| INVOKING Heroism.
 37113 | Vaults:2 | 37113 ||| INVOKING Finesse.
 37184 | Vaults:2 | 37184 ||| READING 10 scrolls of teleportation.
 37393 | Vaults:2 | You are sucked into a shaft and drop 1 floor!
 37403 | Vaults:3 | Identified the +3 robe of a Thousand Tusks {SInv Archmagi}
 37428 | Vaults:3 | Received a gift from Okawaru
 37447 | Vaults:3 | 37447 ||| INVOKING Heroism.
 37448 | Vaults:3 | 37448 ||| INVOKING Finesse.
 37480 | Vaults:3 | Received a gift from Okawaru
 37528 | Vaults:3 | 37528 ||| Stepping ~*~*~tactically~*~*~ (hiding).
 37677 | Vaults:3 | 37677 ||| INVOKING Heroism.
 37678 | Vaults:3 | 37678 ||| INVOKING Finesse.
 37843 | Vaults:3 | 37843 ||| DROPPING +0 chain mail of cold resistance.
 37932 | Vaults:2 | 37932 ||| INVOKING Heroism.
 38022 | Vaults:2 | Reached skill level 18 in Fighting
 38065 | Vaults:2 | 38065 ||| Stepping ~*~*~tactically~*~*~ (stealth).
 38067 | Vaults:2 | 38067 ||| INVOKING Heroism.
 38124 | Vaults:2 | 38124 ||| INVOKING Heroism.
 38125 | Vaults:2 | 38125 ||| INVOKING Finesse.
 38143 | Vaults:2 | 38143 ||| Stepping ~*~*~tactically~*~*~ (hiding).
 38688 | Vaults:2 | 38688 ||| Stepping ~*~*~tactically~*~*~ (hiding).
 38690 | Vaults:2 | 38690 ||| Stepping ~*~*~tactically~*~*~ (hiding).
 38699 | Vaults:2 | Reached XP level 20. HP: 136/136 MP: 27/27
 38957 | Vaults:2 | 38957 ||| INVOKING Heroism.
 38958 | Vaults:2 | 38958 ||| INVOKING Finesse.
 39034 | Vaults:3 | Found a staircase to the Crypt.
 39036 | Vaults:3 | 39036 ||| INVOKING Heroism.
 39191 | Vaults:3 | Found a runed translucent door.
 39577 | Vaults:3 | Noticed abarbat's ghost (adept MiBe)
 39883 | Vaults:4 | 39883 ||| STAIRDANCE
 39987 | Vaults:4 | 39987 ||| STAIRDANCE
 40095 | Vaults:4 | 40095 ||| STAIRDANCE
 40097 | Vaults:3 | 40097 ||| INVOKING Heroism.
 40241 | Vaults:4 | 40241 ||| INVOKING Heroism.
 40268 | Vaults:4 | Received a gift from Okawaru
 40308 | Vaults:4 | 40308 ||| Stepping ~*~*~tactically~*~*~ (hiding).
 40309 | Vaults:4 | 40309 ||| INVOKING Heroism.
 40316 | Vaults:4 | Reached skill level 6 in Dodging
 40383 | Vaults:4 | 40383 ||| INVOKING Heroism.
 40406 | Vaults:4 | 40406 ||| DROPPING +2 broad axe of flaming.
 40437 | Vaults:4 | 40437 ||| Stepping ~*~*~tactically~*~*~ (hiding).
 40440 | Vaults:4 | 40440 ||| Stepping ~*~*~tactically~*~*~ (hiding).
 40446 | Vaults:4 | 40446 ||| Stepping ~*~*~tactically~*~*~ (hiding).
 40455 | Vaults:4 | 40455 ||| INVOKING Heroism.
 40549 | Vaults:4 | 40549 ||| DRINKING 17 potions of curing.
 40549 | Vaults:4 | 40549 ||| (to cure confusion)
 40653 | Vaults:4 | Paralysed by a sphinx for 5 turns
 40664 | Vaults:4 | 40664 ||| DRINKING 16 potions of curing.
 40664 | Vaults:4 | 40664 ||| (to cure confusion)
 40698 | Vaults:4 | 40698 ||| Stepping ~*~*~tactically~*~*~ (stealth).
 40700 | Vaults:4 | 40700 ||| Stepping ~*~*~tactically~*~*~ (hiding).
 40907 | Vaults:4 | 40907 ||| Stepping ~*~*~tactically~*~*~ (hiding).
 40908 | Vaults:4 | 40908 ||| Stepping ~*~*~tactically~*~*~ (stealth).
 40915 | Vaults:4 | 40915 ||| Stepping ~*~*~tactically~*~*~ (stealth).
 40935 | Vaults:4 | Reached skill level 19 in Fighting
 40966 | Vaults:4 | 40966 ||| Stepping ~*~*~tactically~*~*~ (stealth).
 40968 | Vaults:4 | 40968 ||| Stepping ~*~*~tactically~*~*~ (hiding).
 40971 | Vaults:4 | 40971 ||| INVOKING Heroism.
 41006 | Vaults:4 | Identified the +3 helmet of the Little Devil {Dex+3}
                  | (Okawaru gifted it to you on level 4 of the Vaults)
 41006 | Vaults:4 | Received a gift from Okawaru
 41009 | Vaults:4 | 41009 ||| INVOKING Heroism.
 41062 | Vaults:4 | 41062 ||| Stepping ~*~*~tactically~*~*~ (stealth).
 41063 | Vaults:4 | 41063 ||| Stepping ~*~*~tactically~*~*~ (stealth).
 41065 | Vaults:4 | 41065 ||| Stepping ~*~*~tactically~*~*~ (stealth).
 41066 | Vaults:4 | 41066 ||| Stepping ~*~*~tactically~*~*~ (stealth).
 41067 | Vaults:4 | 41067 ||| Stepping ~*~*~tactically~*~*~ (stealth).
 41080 | Vaults:4 | 41080 ||| FLEEEEING.
 41081 | Vaults:4 | 41081 ||| FLEEEEING.
 41082 | Vaults:4 | 41082 ||| FLEEEEING.
 41086 | Vaults:4 | 41086 ||| FLEEEEING.
 41087 | Vaults:4 | 41087 ||| FLEEEEING.
 41088 | Vaults:4 | 41088 ||| FLEEEEING.
 41089 | Vaults:4 | 41089 ||| FLEEEEING.
 41090 | Vaults:4 | 41090 ||| FLEEEEING.
 41091 | Vaults:4 | 41091 ||| FLEEEEING.
 41092 | Vaults:4 | 41092 ||| FLEEEEING.
 41093 | Vaults:4 | 41093 ||| FLEEEEING.
 41094 | Vaults:4 | 41094 ||| FLEEEEING.
 41095 | Vaults:4 | 41095 ||| FLEEEEING.
 41096 | Vaults:4 | 41096 ||| FLEEEEING.
 41097 | Vaults:4 | 41097 ||| FLEEEEING.
 41114 | Vaults:4 | 41114 ||| Stepping ~*~*~tactically~*~*~ (hiding).
 41120 | Vaults:4 | 41120 ||| INVOKING Heroism.
 41156 | Vaults:4 | 41156 ||| Stepping ~*~*~tactically~*~*~ (hiding).
 41199 | Vaults:4 | 41199 ||| Stepping ~*~*~tactically~*~*~ (hiding).
 41206 | Vaults:4 | 41206 ||| INVOKING Heroism.
 41261 | Vaults:4 | 41261 ||| Stepping ~*~*~tactically~*~*~ (hiding).
 41265 | Vaults:4 | 41265 ||| INVOKING Heroism.
 41300 | Vaults:4 | 41300 ||| Stepping ~*~*~tactically~*~*~ (hiding).
 41301 | Vaults:4 | 41301 ||| Stepping ~*~*~tactically~*~*~ (hiding).
 41302 | Vaults:4 | 41302 ||| Stepping ~*~*~tactically~*~*~ (hiding).
 41304 | Vaults:4 | 41304 ||| Stepping ~*~*~tactically~*~*~ (hiding).
 41372 | Vaults:4 | 41372 ||| INVOKING Heroism.
 41464 | Vaults:4 | 41464 ||| INVOKING Heroism.
 41600 | Vaults:4 | 41600 ||| PLANNING SNAKE:4
 41600 | Vaults:4 | 41600 ||| UPGRADING to +3 helmet of the Little Devil
                  | {Dex+3}.
 41610 | Vaults:4 | 41610 ||| DROPPING +2 helmet.
 41611 | Vaults:4 | 41611 ||| DROPPING +2 hat of Etiur {rPois SInv}.
 42041 | Snake:4  | Entered Level 4 of the Snake Pit
 42047 | Snake:4  | Noticed Aizul
 42048 | Snake:4  | 42048 ||| Stepping ~*~*~tactically~*~*~ (hiding).
 42049 | Snake:4  | 42049 ||| Stepping ~*~*~tactically~*~*~ (hiding).
 42050 | Snake:4  | 42050 ||| Stepping ~*~*~tactically~*~*~ (hiding).
 42082 | Snake:4  | Killed Aizul
 42118 | Snake:4  | 42118 ||| Stepping ~*~*~tactically~*~*~ (hiding).
 42267 | Snake:4  | Found a bloodstained altar of Trog.
 42382 | Snake:4  | 42382 ||| Stepping ~*~*~tactically~*~*~ (hiding).
 42384 | Snake:4  | 42384 ||| INVOKING Heroism.
 42400 | Snake:4  | 42400 ||| Stepping ~*~*~tactically~*~*~ (hiding).
 42452 | Snake:4  | 42452 ||| INVOKING Heroism.
 42469 | Snake:4  | 42469 ||| Stepping ~*~*~tactically~*~*~ (hiding).
 42471 | Snake:4  | 42471 ||| Stepping ~*~*~tactically~*~*~ (hiding).
 42505 | Snake:4  | 42505 ||| INVOKING Heroism.
 42528 | Snake:4  | Reached XP level 21. HP: 137/144 MP: 28/28
 42581 | Snake:4  | 42581 ||| INVOKING Heroism.
 42606 | Snake:4  | Reached skill level 18 in Armour
 42609 | Snake:4  | 42609 ||| Stepping ~*~*~tactically~*~*~ (hiding).
 42634 | Snake:4  | 42634 ||| Stepping ~*~*~tactically~*~*~ (stealth).
 42646 | Snake:4  | 42646 ||| Stepping ~*~*~tactically~*~*~ (stealth).
 42707 | Snake:4  | Received a gift from Okawaru
 42710 | Snake:4  | 42710 ||| Stepping ~*~*~tactically~*~*~ (hiding).
 42745 | Snake:4  | 42745 ||| Stepping ~*~*~tactically~*~*~ (hiding).
 42838 | Snake:4  | Got a serpentine rune of Zot
 42909 | Snake:4  | 42909 ||| Stepping ~*~*~tactically~*~*~ (hiding).
 43008 | Snake:4  | 43008 ||| FLEEEEING.
 43010 | Snake:4  | 43010 ||| FLEEEEING.
 43012 | Snake:4  | 43012 ||| FLEEEEING.
 43013 | Snake:4  | 43013 ||| FLEEEEING.
 43014 | Snake:4  | 43014 ||| FLEEEEING.
 43030 | Snake:4  | 43030 ||| FLEEEEING.
 43035 | Snake:4  | 43035 ||| FLEEEEING.
 43052 | Snake:4  | 43052 ||| Stepping ~*~*~tactically~*~*~ (hiding).
 43064 | Snake:4  | 43064 ||| Stepping ~*~*~tactically~*~*~ (hiding).
 43384 | Snake:4  | 43384 ||| PLANNING DEPTHS
 43384 | Snake:4  | 43384 ||| DROPPING scarf of invisibility.
 43789 | Depths:1 | Entered Level 1 of the Depths
 43799 | Depths:1 | 43799 ||| INVOKING Heroism.
 43800 | Depths:1 | 43800 ||| INVOKING Finesse.
 43812 | Depths:1 | Noticed an ancient lich
 43844 | Depths:1 | Found a one-way gateway to a ziggurat.
 43861 | Depths:1 | 43861 ||| INVOKING Heroism.
 43862 | Depths:1 | 43862 ||| INVOKING Finesse.
 43968 | Depths:1 | 43968 ||| INVOKING Heroism.
 43969 | Depths:1 | 43969 ||| INVOKING Finesse.
 44026 | Depths:1 | Received a gift from Okawaru
 44328 | Depths:1 | 44328 ||| INVOKING Heroism.
 44329 | Depths:1 | 44329 ||| INVOKING Finesse.
 44409 | Depths:1 | 44409 ||| Stepping ~*~*~tactically~*~*~ (hiding).
 44467 | Depths:1 | 44467 ||| Stepping ~*~*~tactically~*~*~ (hiding).
 44470 | Depths:1 | 44470 ||| INVOKING Heroism.
 44471 | Depths:1 | 44471 ||| INVOKING Finesse.
 44472 | Depths:1 | 44472 ||| INVOKING Finesse.
 44649 | Depths:1 | 44649 ||| INVOKING Finesse.
 44653 | Depths:1 | 44653 ||| INVOKING Heroism.
 44658 | Depths:1 | Identified the +2 robe "Put-Me-On" {Regen+ rCorr Dex+2}
                  | (Okawaru gifted it to you on level 1 of the Depths)
 44658 | Depths:1 | Received a gift from Okawaru
 44740 | Depths:1 | Found a gateway to Hell.
 44941 | Depths:1 | Found a shimmering blue altar of Sif Muna.
 45040 | Depths:1 | 45040 ||| DROPPING ring of positive energy.
 45096 | Depths:2 | Found Guneamoh's Assorted Antiques.
 45099 | Depths:2 | 45099 ||| BUYING potion of curing (90 gold).
 45099 | Depths:2 | Bought a potion of curing for 90 gold pieces
 45099 | Depths:2 | 45099 ||| BUYING scroll of teleportation (90 gold).
 45099 | Depths:2 | Bought a scroll of teleportation for 90 gold pieces
 45099 | Depths:2 | 45099 ||| BUYING tubular coral ring (150 gold).
 45099 | Depths:2 | Bought a tubular coral ring for 150 gold pieces
 45146 | Depths:2 | Found Boic's Jewellery Shop.
 45149 | Depths:2 | 45149 ||| INVOKING Finesse.
 45153 | Depths:2 | 45153 ||| INVOKING Heroism.
 45209 | Depths:2 | 45209 ||| Stepping ~*~*~tactically~*~*~ (hiding).
 45209 | Depths:2 | Found Enikhis's Antique Armour Shop.
 45221 | Depths:2 | 45221 ||| BUYING ring of resist corrosion (400 gold).
 45221 | Depths:2 | Bought a ring of resist corrosion for 400 gold pieces
 45225 | Depths:2 | 45225 ||| BUYING glowing chain mail (210 gold).
 45225 | Depths:2 | Bought a glowing chain mail for 210 gold pieces
 45225 | Depths:2 | 45225 ||| BUYING runed chain mail (210 gold).
 45225 | Depths:2 | Bought a runed chain mail for 210 gold pieces
 45287 | Depths:2 | Noticed a caustic shrike
 45288 | Depths:2 | 45288 ||| INVOKING Heroism.
 45289 | Depths:2 | 45289 ||| INVOKING Finesse.
 45316 | Depths:2 | Killed a caustic shrike
 45317 | Depths:2 | 45317 ||| Stepping ~*~*~tactically~*~*~ (hiding).
 45339 | Depths:2 | Paralysed by a floating eye for 4 turns
 45341 | Depths:2 | HP: 26/145 [rakshasa/lance of force (20)]
 45344 | Depths:2 | 45344 ||| READING 11 scrolls of teleportation.
 45345 | Depths:2 | 45345 ||| DRINKING 3 potions of heal wounds.
 45498 | Depths:2 | 45498 ||| INVOKING Heroism.
 45499 | Depths:2 | 45499 ||| INVOKING Finesse.
 45588 | Depths:2 | Reached skill level 20 in Fighting
 45621 | Depths:2 | 45621 ||| Stepping ~*~*~tactically~*~*~ (stealth).
 45622 | Depths:2 | 45622 ||| Stepping ~*~*~tactically~*~*~ (stealth).
 45658 | Depths:2 | 45658 ||| INVOKING Finesse.
 45665 | Depths:2 | 45665 ||| Stepping ~*~*~tactically~*~*~ (stealth).
 45666 | Depths:2 | 45666 ||| Stepping ~*~*~tactically~*~*~ (stealth).
 45667 | Depths:2 | 45667 ||| Stepping ~*~*~tactically~*~*~ (stealth).
 45673 | Depths:2 | 45673 ||| Stepping ~*~*~tactically~*~*~ (stealth).
 45674 | Depths:2 | 45674 ||| Stepping ~*~*~tactically~*~*~ (stealth).
 45677 | Depths:2 | 45677 ||| Stepping ~*~*~tactically~*~*~ (stealth).
 45678 | Depths:2 | 45678 ||| Stepping ~*~*~tactically~*~*~ (stealth).
 45679 | Depths:2 | 45679 ||| Stepping ~*~*~tactically~*~*~ (stealth).
 45681 | Depths:2 | 45681 ||| Stepping ~*~*~tactically~*~*~ (stealth).
 45682 | Depths:2 | 45682 ||| Stepping ~*~*~tactically~*~*~ (stealth).
 45683 | Depths:2 | 45683 ||| Stepping ~*~*~tactically~*~*~ (stealth).
 45685 | Depths:2 | 45685 ||| Stepping ~*~*~tactically~*~*~ (hiding).
 45747 | Depths:2 | 45747 ||| INVOKING Heroism.
 45752 | Depths:2 | Paralysed by a floating eye for 4 turns
 45763 | Depths:2 | Paralysed by a floating eye for 3 turns
 45799 | Depths:2 | 45799 ||| FLEEEEING.
 45800 | Depths:2 | 45800 ||| FLEEEEING.
 45801 | Depths:2 | 45801 ||| FLEEEEING.
 45885 | Depths:2 | 45885 ||| INVOKING Heroism.
 45931 | Depths:2 | 45931 ||| Stepping ~*~*~tactically~*~*~ (stealth).
 45940 | Depths:2 | 45940 ||| Stepping ~*~*~tactically~*~*~ (hiding).
 46066 | Depths:2 | 46066 ||| INVOKING Heroism.
 46142 | Depths:2 | 46142 ||| DRINKING 17 potions of curing.
 46142 | Depths:2 | 46142 ||| (to cure confusion)
 46294 | Depths:2 | Found a one-way gate leading to the halls of Pandemonium.
 46295 | Depths:2 | 46295 ||| INVOKING Heroism.
 46591 | Depths:2 | 46591 ||| Stepping ~*~*~tactically~*~*~ (stealth).
 46597 | Depths:2 | 46597 ||| INVOKING Heroism.
 46669 | Depths:2 | 46669 ||| DROPPING +2 chain mail of poison resistance.
 46670 | Depths:2 | 46670 ||| DROPPING +3 chain mail of cold resistance.
 46708 | Depths:3 | 46708 ||| STAIRDANCE
 46766 | Depths:3 | 46766 ||| STAIRDANCE
 46768 | Depths:2 | 46768 ||| INVOKING Heroism.
 46785 | Depths:2 | Reached XP level 22. HP: 152/152 MP: 29/29
 46787 | Depths:3 | 46787 ||| STAIRDANCE
 46798 | Depths:2 | Received a gift from Okawaru
 46825 | Depths:3 | 46825 ||| STAIRDANCE
 46842 | Depths:3 | 46842 ||| STAIRDANCE
 46868 | Depths:3 | 46868 ||| INVOKING Heroism.
 46870 | Depths:3 | 46870 ||| STAIRDANCE
 46911 | Depths:3 | Reached skill level 21 in Shields
 46963 | Depths:3 | 46963 ||| INVOKING Heroism.
 46964 | Depths:3 | 46964 ||| INVOKING Finesse.
 47136 | Depths:3 | 47136 ||| Stepping ~*~*~tactically~*~*~ (stealth).
 47137 | Depths:3 | 47137 ||| INVOKING Finesse.
 47150 | Depths:3 | 47150 ||| INVOKING Heroism.
 47153 | Depths:3 | Received a gift from Okawaru
 47181 | Depths:3 | 47181 ||| INVOKING Heroism.
 47184 | Depths:3 | Noticed a golden dragon
 47208 | Depths:3 | 47208 ||| INVOKING Finesse.
 47212 | Depths:3 | Killed a golden dragon
 47223 | Depths:3 | Received a gift from Okawaru
 47284 | Depths:3 | 47284 ||| INVOKING Heroism.
 47357 | Depths:3 | 47357 ||| INVOKING Heroism.
 47373 | Depths:3 | Reached skill level 21 in Fighting
 47413 | Depths:3 | 47413 ||| DRINKING 6 potions of resistance.
 47416 | Depths:3 | 47416 ||| Stepping ~*~*~tactically~*~*~ (hiding).
 47417 | Depths:3 | 47417 ||| INVOKING Finesse.
 47422 | Depths:3 | 47422 ||| Stepping ~*~*~tactically~*~*~ (stealth).
 47426 | Depths:3 | 47426 ||| Stepping ~*~*~tactically~*~*~ (stealth).
 47427 | Depths:3 | 47427 ||| INVOKING Heroism.
 47443 | Depths:3 | 47443 ||| Stepping ~*~*~tactically~*~*~ (hiding).
 47450 | Depths:3 | 47450 ||| INVOKING Finesse.
 47608 | Depths:3 | Found a one-way gate to the infinite horrors of the Abyss.
 47614 | Depths:3 | 47614 ||| Stepping ~*~*~tactically~*~*~ (stealth).
 47615 | Depths:3 | 47615 ||| Stepping ~*~*~tactically~*~*~ (stealth).
 47618 | Depths:3 | 47618 ||| INVOKING Heroism.
 47637 | Depths:3 | Identified the +1 pair of gloves "Epsui" {Contam +Blink
                  | rElec rN+ Str+4} (Okawaru gifted it to you on level 3 of
                  | the Depths)
 47637 | Depths:3 | Received a gift from Okawaru
 47661 | Depths:3 | Reached skill level 9 in Dodging
 47678 | Depths:3 | 47678 ||| Stepping ~*~*~tactically~*~*~ (hiding).
 47679 | Depths:3 | 47679 ||| Stepping ~*~*~tactically~*~*~ (hiding).
 47680 | Depths:3 | 47680 ||| Stepping ~*~*~tactically~*~*~ (hiding).
 47681 | Depths:3 | 47681 ||| Stepping ~*~*~tactically~*~*~ (hiding).
 47682 | Depths:3 | 47682 ||| Stepping ~*~*~tactically~*~*~ (hiding).
 47683 | Depths:3 | 47683 ||| INVOKING Heroism.
 47881 | Depths:3 | 47881 ||| UPGRADING to +1 pair of gloves "Epsui" {Contam
                  | +Blink rElec rN+ Str+4}.
 47891 | Depths:3 | 47891 ||| DROPPING +2 pair of gloves of dexterity.
 47892 | Depths:3 | 47892 ||| READING scroll labelled FABRUS VUZI.
 47937 | Depths:4 | Entered Level 4 of the Depths
 47939 | Depths:4 | 47939 ||| INVOKING Heroism.
 47943 | Depths:4 | Noticed a caustic shrike
 47944 | Depths:4 | 47944 ||| INVOKING Finesse.
 47968 | Depths:4 | Killed a caustic shrike
 47977 | Depths:4 | 47977 ||| Stepping ~*~*~tactically~*~*~ (hiding).
 47996 | Depths:4 | Noticed a caustic shrike
 47997 | Depths:4 | 47997 ||| Stepping ~*~*~tactically~*~*~ (stealth).
 48000 | Depths:4 | Noticed a caustic shrike
 48001 | Depths:4 | Noticed a caustic shrike
 48002 | Depths:4 | 48002 ||| Stepping ~*~*~tactically~*~*~ (stealth).
 48003 | Depths:4 | Noticed a caustic shrike
 48004 | Depths:4 | 48004 ||| Stepping ~*~*~tactically~*~*~ (stealth).
 48005 | Depths:4 | 48005 ||| INVOKING Finesse.
 48019 | Depths:4 | Killed a caustic shrike
 48023 | Depths:4 | Killed a caustic shrike
 48025 | Depths:4 | Killed a caustic shrike
 48027 | Depths:4 | 48027 ||| INVOKING Heroism.
 48037 | Depths:4 | Killed a caustic shrike
 48064 | Depths:4 | 48064 ||| Stepping ~*~*~tactically~*~*~ (stealth).
 48065 | Depths:4 | 48065 ||| Stepping ~*~*~tactically~*~*~ (stealth).
 48067 | Depths:4 | 48067 ||| INVOKING Heroism.
 48069 | Depths:4 | 48069 ||| Stepping ~*~*~tactically~*~*~ (hiding).
 48070 | Depths:4 | 48070 ||| Stepping ~*~*~tactically~*~*~ (hiding).
 48182 | Depths:4 | 48182 ||| Stepping ~*~*~tactically~*~*~ (stealth).
 48194 | Depths:4 | 48194 ||| Stepping ~*~*~tactically~*~*~ (hiding).
 48195 | Depths:4 | 48195 ||| Stepping ~*~*~tactically~*~*~ (hiding).
 48261 | Depths:4 | 48261 ||| INVOKING Finesse.
 48266 | Depths:4 | 48266 ||| Stepping ~*~*~tactically~*~*~ (stealth).
 48270 | Depths:4 | 48270 ||| Stepping ~*~*~tactically~*~*~ (stealth).
 48275 | Depths:4 | 48275 ||| INVOKING Heroism.
 48403 | Depths:4 | Noticed Margery
 48403 | Depths:4 | 48403 ||| Stepping ~*~*~tactically~*~*~ (stealth).
 48405 | Depths:4 | 48405 ||| Stepping ~*~*~tactically~*~*~ (hiding).
 48408 | Depths:4 | 48408 ||| Stepping ~*~*~tactically~*~*~ (hiding).
 48410 | Depths:4 | 48410 ||| DRINKING 5 potions of resistance.
 48412 | Depths:4 | 48412 ||| INVOKING Heroism.
 48418 | Depths:4 | 48418 ||| Stepping ~*~*~tactically~*~*~ (hiding).
 48451 | Depths:4 | Killed Margery
 48462 | Depths:4 | Reached skill level 12 in Throwing
 48534 | Depths:4 | 48534 ||| INVOKING Heroism.
 48537 | Depths:4 | 48537 ||| INVOKING Finesse.
 48631 | Depths:4 | 48631 ||| Stepping ~*~*~tactically~*~*~ (hiding).
 48633 | Depths:4 | 48633 ||| INVOKING Heroism.
 48646 | Depths:4 | Reached XP level 23. HP: 160/160 MP: 30/30
 48718 | Depths:4 | 48718 ||| Stepping ~*~*~tactically~*~*~ (hiding).
 48721 | Depths:4 | 48721 ||| INVOKING Heroism.
 48798 | Depths:4 | 48798 ||| Stepping ~*~*~tactically~*~*~ (hiding).
 48799 | Depths:4 | 48799 ||| Stepping ~*~*~tactically~*~*~ (hiding).
 48803 | Depths:4 | 48803 ||| INVOKING Heroism.
 48842 | Depths:4 | 48842 ||| INVOKING Heroism.
 49015 | Depths:4 | 49015 ||| Stepping ~*~*~tactically~*~*~ (hiding).
 49019 | Depths:4 | 49019 ||| INVOKING Heroism.
 49053 | Depths:4 | Found a gate to the Realm of Zot.
 49095 | Depths:4 | 49095 ||| PLANNING VAULTS:5
 49359 | Vaults:5 | Entered Level 5 of the Vaults
 49360 | Vaults:5 | 49360 ||| INVOKING Heroism.
 49377 | Vaults:5 | Reached skill level 22 in Fighting
 49383 | Vaults:5 | 49383 ||| STAIRDANCE
 49407 | Vaults:4 | 49407 ||| UPGRADING to +2 tower shield.
 49417 | Vaults:4 | 49417 ||| DROPPING +0 tower shield.
 49421 | Vaults:5 | 49421 ||| INVOKING Heroism.
 49431 | Vaults:5 | 49431 ||| STAIRDANCE
 49436 | Vaults:4 | Identified the +0 pair of boots of Okawaru's Supremacy
                  | {rPois} (Okawaru gifted it to you on level 4 of the Vaults)
 49436 | Vaults:4 | Received a gift from Okawaru
 49461 | Vaults:4 | 49461 ||| DROPPING +0 pair of boots of Okawaru's Supremacy
                  | {rPois}.
 49465 | Vaults:5 | 49465 ||| STAIRDANCE
 49525 | Vaults:5 | 49525 ||| INVOKING Heroism.
 49549 | Vaults:5 | 49549 ||| Stepping ~*~*~tactically~*~*~ (hiding).
 49568 | Vaults:5 | 49568 ||| INVOKING Finesse.
 49593 | Vaults:5 | 49593 ||| Stepping ~*~*~tactically~*~*~ (hiding).
 49718 | Vaults:5 | 49718 ||| INVOKING Heroism.
 49719 | Vaults:5 | 49719 ||| INVOKING Finesse.
 49766 | Vaults:5 | 49766 ||| INVOKING Heroism.
 49800 | Vaults:5 | Identified the +7 morningstar of Chagrin {vorpal, Int+5}
 49810 | Vaults:5 | 49810 ||| INVOKING Heroism.
 49859 | Vaults:5 | 49859 ||| Stepping ~*~*~tactically~*~*~ (hiding).
 49965 | Vaults:5 | 49965 ||| READING scroll of enchant weapon.
 49965 | Vaults:5 | 49965 ||| ENCHANTING +1 vampiric war axe.
 50063 | Vaults:5 | 50063 ||| FLEEEEING.
 50064 | Vaults:5 | 50064 ||| FLEEEEING.
 50066 | Vaults:5 | 50066 ||| FLEEEEING.
 50067 | Vaults:5 | 50067 ||| FLEEEEING.
 50121 | Vaults:5 | 50121 ||| Stepping ~*~*~tactically~*~*~ (hiding).
 50156 | Vaults:5 | 50156 ||| INVOKING Heroism.
 50216 | Vaults:5 | Got a silver rune of Zot
 50286 | Vaults:5 | 50286 ||| FLEEEEING.
 50287 | Vaults:5 | 50287 ||| FLEEEEING.
 50288 | Vaults:5 | 50288 ||| INVOKING Heroism.
 50302 | Vaults:5 | 50302 ||| INVOKING Finesse.
 50351 | Vaults:5 | Reached skill level 21 in Armour
 50392 | Vaults:5 | 50392 ||| INVOKING Finesse.
 50405 | Vaults:5 | 50405 ||| INVOKING Heroism.
 50430 | Vaults:5 | 50430 ||| Stepping ~*~*~tactically~*~*~ (hiding).
 50740 | Vaults:5 | Identified the +2 morningstar of the Hills {vorpal, Str+4
                  | Int+4}
 50818 | Vaults:5 | Identified the +9 morningstar of Evolution {holy, Str+3
                  | Int+3}
 50832 | Vaults:5 | Noticed Mara
 50833 | Vaults:5 | 50833 ||| INVOKING Heroism.
 50834 | Vaults:5 | 50834 ||| INVOKING Finesse.
 50838 | Vaults:5 | Noticed qw's illusion
 50878 | Vaults:5 | Killed Mara
 50878 | Vaults:5 | Received a gift from Okawaru
 50967 | Vaults:5 | 50967 ||| Stepping ~*~*~tactically~*~*~ (hiding).
 50972 | Vaults:5 | 50972 ||| INVOKING Heroism.
 51071 | Vaults:5 | Noticed a golden dragon
 51072 | Vaults:5 | 51072 ||| INVOKING Heroism.
 51073 | Vaults:5 | 51073 ||| INVOKING Finesse.
 51095 | Vaults:5 | Killed a golden dragon
 51159 | Vaults:5 | 51159 ||| Stepping ~*~*~tactically~*~*~ (stealth).
 51552 | Vaults:5 | 51552 ||| PLANNING SHOPPING SPREE
 51552 | Vaults:5 | 51552 ||| DROPPING +0 cloak.
 51553 | Vaults:5 | 51553 ||| DROPPING +1 chain mail of poison resistance.
 51554 | Vaults:5 | 51554 ||| DROPPING scarf of invisibility.
 51945 | D:4      | 51945 ||| BUYING runed plate armour (494 gold).
 51945 | D:4      | Bought a runed plate armour for 494 gold pieces
 51945 | D:4      | 51945 ||| DROPPING +0 plate armour of fire resistance.
 51986 | D:4      | 51986 ||| BUYING scroll of enchant armour (105 gold).
 51986 | D:4      | Bought a scroll of enchant armour for 105 gold pieces
 52114 | D:4      | 52114 ||| BUYING +2 pair of boots of rampaging (258 gold).
 52114 | D:4      | Bought a +2 pair of boots of rampaging for 258 gold pieces
 52114 | D:4      | 52114 ||| DROPPING +1 pair of boots.
 52291 | Orc:2    | 52291 ||| BUYING ring of fire (400 gold).
 52291 | Orc:2    | Bought a ring of fire for 400 gold pieces
 52291 | Orc:2    | 52291 ||| BUYING ring of protection from fire (400 gold).
 52291 | Orc:2    | Bought a ring of protection from fire for 400 gold pieces
 52321 | Orc:2    | 52321 ||| DROPPING ring of fire.
 52322 | Orc:2    | 52322 ||| PLANNING ZOT:1-4
 52618 | Zot:1    | Entered Level 1 of the Realm of Zot
 52624 | Zot:1    | 52624 ||| Stepping ~*~*~tactically~*~*~ (hiding).
 52627 | Zot:1    | 52627 ||| Stepping ~*~*~tactically~*~*~ (hiding).
 52634 | Zot:1    | 52634 ||| INVOKING Heroism.
 52642 | Zot:1    | Received a gift from Okawaru
 52654 | Zot:1    | Reached XP level 24. HP: 170/170 MP: 30/30
 52744 | Zot:1    | Reached skill level 23 in Fighting
 52976 | Zot:1    | 52976 ||| Stepping ~*~*~tactically~*~*~ (hiding).
 52978 | Zot:1    | 52978 ||| Stepping ~*~*~tactically~*~*~ (hiding).
 53104 | Zot:1    | 53104 ||| Stepping ~*~*~tactically~*~*~ (hiding).
 53107 | Zot:1    | 53107 ||| Stepping ~*~*~tactically~*~*~ (hiding).
 53108 | Zot:1    | 53108 ||| Stepping ~*~*~tactically~*~*~ (hiding).
 53339 | Zot:1    | 53339 ||| Stepping ~*~*~tactically~*~*~ (stealth).
 53451 | Zot:1    | Gained mutation: You are frail. (-10% HP) [mutagenic glow]
 53452 | Zot:1    | 53452 ||| DRINKING 6 potions of mutation.
 53452 | Zot:1    | Lost mutation: You are frail. (-10% HP) [potion of
                  | mutation]
 53452 | Zot:1    | Lost mutation: Your mind is acute. (Int +4, Str/Dex -1)
                  | [potion of mutation]
 53452 | Zot:1    | Gained mutation: You occasionally lose the ability to drink
                  | potions when taking damage. [potion of mutation]
 53452 | Zot:1    | Gained mutation: You have sharp toenails. [potion of
                  | mutation]
 53452 | Zot:1    | Gained mutation: You are weak. (Str -2) [potion of
                  | mutation]
 53452 | Zot:1    | Gained mutation: You have razor-sharp toenails. [potion of
                  | mutation]
 53467 | Zot:1    | 53467 ||| DRINKING 5 potions of mutation.
 53467 | Zot:1    | Lost mutation: You have razor-sharp toenails. [potion of
                  | mutation]
 53467 | Zot:1    | Lost mutation: You have sharp toenails. [potion of
                  | mutation]
 53467 | Zot:1    | Lost mutation: You occasionally lose the ability to drink
                  | potions when taking damage. [potion of mutation]
 53467 | Zot:1    | Lost mutation: You are weak. (Str -2) [potion of mutation]
 53467 | Zot:1    | Gained mutation: Your spells are a little harder to cast,
                  | but a little more powerful. [potion of mutation]
 53467 | Zot:1    | Gained mutation: You occasionally lose the ability to drink
                  | potions when taking damage. [mutagenic glow]
 53468 | Zot:1    | 53468 ||| DRINKING 4 potions of mutation.
 53468 | Zot:1    | Lost mutation: You occasionally lose the ability to drink
                  | potions when taking damage. [potion of mutation]
 53468 | Zot:1    | Lost mutation: Your spells are a little harder to cast, but
                  | a little more powerful. [potion of mutation]
 53468 | Zot:1    | Gained mutation: Your natural rate of healing is unusually
                  | fast. [potion of mutation]
 53468 | Zot:1    | Gained mutation: You have a pair of small horns on your
                  | head. [potion of mutation]
 53468 | Zot:1    | Gained mutation: You are weak. (Str -2) [potion of
                  | mutation]
 53468 | Zot:1    | Gained mutation: Your mind is acute. (Int +4, Str/Dex -1)
                  | [potion of mutation]
 53474 | Zot:1    | Gained mutation: Your body sometimes deteriorates upon
                  | taking damage. [mutagenic glow]
 53569 | Zot:1    | 53569 ||| DROPPING +3 helmet of the Little Devil {Dex+3}.
 53587 | Zot:2    | 53587 ||| INVOKING Heroism.
 53757 | Zot:2    | 53757 ||| INVOKING Heroism.
 53770 | Zot:2    | Received a gift from Okawaru
 53771 | Zot:2    | Noticed a Killer Klown
 53787 | Zot:2    | a Killer Klown changed into a fenstrider witch
 53803 | Zot:2    | 53803 ||| INVOKING Heroism.
 53868 | Zot:2    | 53868 ||| INVOKING Heroism.
 53918 | Zot:2    | Noticed a curse toe
 53921 | Zot:2    | Noticed an orb of fire
 53922 | Zot:2    | 53922 ||| DRINKING 4 potions of resistance.
 53926 | Zot:2    | 53926 ||| INVOKING Heroism.
 53932 | Zot:2    | HP: 38/172 [deathcap[a curse toe] (14)]
 53933 | Zot:2    | 53933 ||| READING 15 scrolls of teleportation.
 53933 | Zot:2    | Gained mutation: Your flesh is cold resistant. (rC+) [an
                  | orb of fire]
 53934 | Zot:2    | 53934 ||| DRINKING 5 potions of heal wounds.
 53935 | Zot:2    | 53935 ||| DRINKING 4 potions of heal wounds.
 53936 | Zot:2    | 53936 ||| DRINKING 3 potions of heal wounds.
 53937 | Zot:2    | Gained mutation: You are very weak. (Str -4) [an orb of
                  | fire]
 53942 | Zot:2    | Gained mutation: You sometimes lose your temper in combat.
                  | [an orb of fire]
 53947 | Zot:2    | Gained mutation: You are occasionally teleported next to
                  | monsters. [an orb of fire]
 54105 | Zot:2    | 54105 ||| DRINKING 3 potions of mutation.
 54105 | Zot:2    | Lost mutation: Your flesh is cold resistant. (rC+) [potion
                  | of mutation]
 54105 | Zot:2    | Lost mutation: You sometimes lose your temper in combat.
                  | [potion of mutation]
 54105 | Zot:2    | Lost mutation: You are occasionally teleported next to
                  | monsters. [potion of mutation]
 54105 | Zot:2    | Gained mutation: Armour fits poorly on your strangely
                  | shaped body. [potion of mutation]
 54105 | Zot:2    | Lost mutation: You are very weak. (Str -4) [potion of
                  | mutation]
 54106 | Zot:2    | 54106 ||| DRINKING 2 potions of mutation.
 54106 | Zot:2    | Lost mutation: Your mind is acute. (Int +4, Str/Dex -1)
                  | [potion of mutation]
 54106 | Zot:2    | Lost mutation: Your natural rate of healing is unusually
                  | fast. [potion of mutation]
 54106 | Zot:2    | Lost mutation: Armour fits poorly on your strangely shaped
                  | body. [potion of mutation]
 54106 | Zot:2    | Lost mutation: You are weak. (Str -2) [potion of mutation]
 54253 | Zot:2    | 54253 ||| INVOKING Heroism.
 54305 | Zot:2    | Received a gift from Okawaru
 54455 | Zot:2    | 54455 ||| Stepping ~*~*~tactically~*~*~ (hiding).
 54458 | Zot:2    | 54458 ||| INVOKING Heroism.
 54474 | Zot:2    | Reached skill level 24 in Fighting
 54687 | Zot:2    | 54687 ||| DRINKING 3 potions of resistance.
 54688 | Zot:2    | 54688 ||| INVOKING Heroism.
 54689 | Zot:2    | 54689 ||| INVOKING Finesse.
 54712 | Zot:2    | Gained mutation: You sometimes lose your temper in combat.
                  | [an orb of fire]
 54716 | Zot:2    | Gained mutation: You occasionally shout uncontrollably at
                  | your foes. [an orb of fire]
 54717 | Zot:2    | Killed an orb of fire
 54781 | Zot:2    | 54781 ||| DRINKING potion of mutation.
 54781 | Zot:2    | Lost mutation: You have a pair of small horns on your head.
                  | [potion of mutation]
 54781 | Zot:2    | Lost mutation: You sometimes lose your temper in combat.
                  | [potion of mutation]
 54781 | Zot:2    | Gained mutation: Your body often deteriorates upon taking
                  | damage. [potion of mutation]
 54806 | Zot:2    | 54806 ||| INVOKING Heroism.
 54813 | Zot:2    | Killed a curse toe
 54953 | Zot:2    | 54953 ||| DROPPING +0 plate armour of cold resistance.
 54954 | Zot:2    | 54954 ||| DROPPING +2 plate armour of poison resistance.
 54955 | Zot:2    | 54955 ||| DROPPING +0 ice dragon scales.
 55005 | Zot:3    | Received a gift from Okawaru
 55006 | Zot:3    | 55006 ||| Stepping ~*~*~tactically~*~*~ (hiding).
 55254 | Zot:3    | 55254 ||| Stepping ~*~*~tactically~*~*~ (hiding).
 55256 | Zot:3    | 55256 ||| INVOKING Heroism.
 55269 | Zot:3    | 55269 ||| Stepping ~*~*~tactically~*~*~ (stealth).
 55270 | Zot:3    | 55270 ||| Stepping ~*~*~tactically~*~*~ (stealth).
 55329 | Zot:3    | 55329 ||| Stepping ~*~*~tactically~*~*~ (hiding).
 55330 | Zot:3    | 55330 ||| Stepping ~*~*~tactically~*~*~ (hiding).
 55332 | Zot:3    | 55332 ||| INVOKING Heroism.
 55396 | Zot:3    | 55396 ||| INVOKING Heroism.
 55630 | Zot:3    | 55630 ||| Stepping ~*~*~tactically~*~*~ (hiding).
 55660 | Zot:3    | Noticed an orb of fire
 55661 | Zot:3    | 55661 ||| DRINKING 2 potions of resistance.
 55662 | Zot:3    | 55662 ||| INVOKING Heroism.
 55663 | Zot:3    | 55663 ||| INVOKING Finesse.
 55682 | Zot:3    | Gained mutation: You occasionally lose the ability to read
                  | scrolls when taking damage. [an orb of fire]
 55702 | Zot:3    | Gained mutation: You are vulnerable to heat. (rF-) [an orb
                  | of fire]
 55708 | Zot:3    | Gained mutation: You have hidden genetic defects. [an orb
                  | of fire]
 55709 | Zot:3    | Gained mutation: You do not regenerate when monsters are
                  | visible. [an orb of fire]
 55710 | Zot:3    | Killed an orb of fire
 55830 | Zot:3    | 55830 ||| Stepping ~*~*~tactically~*~*~ (stealth).
 55938 | Zot:3    | 55938 ||| Stepping ~*~*~tactically~*~*~ (hiding).
 55944 | Zot:3    | 55944 ||| Stepping ~*~*~tactically~*~*~ (cloud).
 55950 | Zot:3    | 55950 ||| Stepping ~*~*~tactically~*~*~ (cloud).
 56208 | Zot:4    | 56208 ||| INVOKING Heroism.
 56339 | Zot:4    | 56339 ||| INVOKING Heroism.
 56445 | Zot:4    | 56445 ||| Stepping ~*~*~tactically~*~*~ (cloud).
 56497 | Zot:4    | Noticed a curse toe
 56498 | Zot:4    | 56498 ||| INVOKING Heroism.
 56527 | Zot:4    | Killed a curse toe
 56527 | Zot:4    | Received a gift from Okawaru
 56714 | Zot:4    | 56714 ||| INVOKING Heroism.
 56739 | Zot:4    | Received a gift from Okawaru
 56746 | Zot:4    | Reached skill level 25 in Fighting
 56752 | Zot:4    | Gained mutation: You sometimes lose your temper in combat.
                  | [hidden defects]
 57048 | Zot:4    | 57048 ||| Stepping ~*~*~tactically~*~*~ (hiding).
 57049 | Zot:4    | 57049 ||| Stepping ~*~*~tactically~*~*~ (hiding).
 57052 | Zot:4    | 57052 ||| INVOKING Heroism.
 57257 | Zot:4    | 57257 ||| PLANNING THE SHINING ONE WORSHIP
 57815 | Temple   | Fell from the grace of Okawaru
 57815 | Temple   | Became a worshipper of the Shining One
 57816 | Temple   | 57816 ||| PLANNING CRYPT
 57816 | Temple   | 57816 ||| SWAPPING to +1 broad axe of electrocution.
 57817 | Temple   | 57817 ||| DROPPING +2 vampiric war axe.
 57818 | Temple   | 57818 ||| READING 2 scrolls of brand weapon.
 57818 | Temple   | 57818 ||| BRANDING +1 broad axe of electrocution.
 58142 | Crypt:1  | Entered Level 1 of the Crypt
 58151 | Crypt:1  | 58151 ||| Stepping ~*~*~tactically~*~*~ (hiding).
 58153 | Crypt:1  | 58153 ||| Stepping ~*~*~tactically~*~*~ (hiding).
 58155 | Crypt:1  | 58155 ||| Stepping ~*~*~tactically~*~*~ (hiding).
 58156 | Crypt:1  | 58156 ||| Stepping ~*~*~tactically~*~*~ (hiding).
 58158 | Crypt:1  | 58158 ||| Stepping ~*~*~tactically~*~*~ (hiding).
 58159 | Crypt:1  | 58159 ||| Stepping ~*~*~tactically~*~*~ (hiding).
 58216 | Crypt:1  | Reached * piety under the Shining One
 58219 | Crypt:1  | 58219 ||| Stepping ~*~*~tactically~*~*~ (hiding).
 58230 | Crypt:1  | Reached XP level 25. HP: 173/181 MP: 30/30
 58314 | Crypt:1  | 58314 ||| DRINKING 2 potions of mutation.
 58314 | Crypt:1  | Lost mutation: You occasionally shout uncontrollably at
                  | your foes. [potion of mutation]
 58314 | Crypt:1  | Lost mutation: You occasionally lose the ability to read
                  | scrolls when taking damage. [potion of mutation]
 58314 | Crypt:1  | Lost mutation: You are vulnerable to heat. (rF-) [potion of
                  | mutation]
 58314 | Crypt:1  | Lost mutation: You have hidden genetic defects. [potion of
                  | mutation]
 58314 | Crypt:1  | Gained mutation: Your mind is acute. (Int +4, Str/Dex -1)
                  | [potion of mutation]
 58315 | Crypt:1  | 58315 ||| DRINKING potion of mutation.
 58315 | Crypt:1  | Lost mutation: You sometimes lose your temper in combat.
                  | [potion of mutation]
 58315 | Crypt:1  | Lost mutation: You do not regenerate when monsters are
                  | visible. [potion of mutation]
 58315 | Crypt:1  | Lost mutation: Your body often deteriorates upon taking
                  | damage. [potion of mutation]
 58315 | Crypt:1  | Gained mutation: Your spells are a little harder to cast,
                  | but a little more powerful. [potion of mutation]
 58315 | Crypt:1  | Gained mutation: Your flesh is cold resistant. (rC+)
                  | [potion of mutation]
 58315 | Crypt:1  | Gained mutation: You occasionally lose the ability to read
                  | scrolls when taking damage. [potion of mutation]
 58315 | Crypt:1  | Gained mutation: Your spells are harder to cast, but more
                  | powerful. [potion of mutation]
 58430 | Crypt:1  | Reached ** piety under the Shining One
 58617 | Crypt:1  | 58617 ||| Stepping ~*~*~tactically~*~*~ (stealth).
 58619 | Crypt:1  | 58619 ||| Stepping ~*~*~tactically~*~*~ (stealth).
 58621 | Crypt:1  | 58621 ||| Stepping ~*~*~tactically~*~*~ (hiding).
 58622 | Crypt:1  | 58622 ||| Stepping ~*~*~tactically~*~*~ (hiding).
 58639 | Crypt:1  | 58639 ||| Stepping randomly (cloudy).
 58664 | Crypt:1  | Reached *** piety under the Shining One
 58920 | Crypt:1  | HP: 43/181 [titan[the fury of Okawaru] (13)]
 58921 | Crypt:1  | 58921 ||| READING 16 scrolls of teleportation.
 58922 | Crypt:1  | 58922 ||| DRINKING 3 potions of heal wounds.
 58924 | Crypt:1  | 58924 ||| READING 15 scrolls of teleportation.
 58924 | Crypt:1  | HP: 20/181 [acid (4)]
 58925 | Crypt:1  | 58925 ||| DRINKING 2 potions of heal wounds.
 58926 | Crypt:1  | 58926 ||| DRINKING potion of heal wounds.
 58928 | Crypt:1  | 58928 ||| READING 14 scrolls of teleportation.
 58929 | Crypt:1  | HP: 36/181 [titan[the fury of Okawaru] (10)]
 58938 | Crypt:1  | 58938 ||| READING 13 scrolls of teleportation.
 58942 | Crypt:1  | HP: 37/181 [deep elf archer/+0 short sword[the fury of
                  | Okawaru] (2)]
 58943 | Crypt:1  | HP: 17/181 [something/+0 great sword of flaming[the fury of
                  | Okawaru] (9)]
 58966 | Crypt:1  | HP: 40/181 [frost giant/bolt of cold[the fury of Okawaru]
                  | (10)]
 58967 | Crypt:1  | 58967 ||| READING 12 scrolls of teleportation.
 58967 | Crypt:1  | HP: 19/181 [stone giant[the fury of Okawaru] (22)]
 58968 | Crypt:1  | Shot with an arrow by a deep elf master archer

Levels and vault maps discovered:
D:1:      minmay_arrival_loop, layout_basic,
          dreamdust_ecumenical_altar_angels_and_demons
D:2:      layout_basic, hex_tiny, hangedman_feature_mirror
D:3:      layout_basic, nicolae_overflow_crystal_walls, minmay_diced_spiral
D:4:      layout_basic, mainiacjoe_overflow_alcove_4, amcnicky_altar_gilded,
          nicolae_ashenzari_panopticon, serial_shops, shop_statue,
          nicolae_shop_trees, nicolae_stop_n_shop_2, shop,
          nicolae_shop_hallway_plus, uniq_menkaure, uniq_sigmund, uniq_natasha
D:5:      layout_loops_ring, lemuel_temple_firewalk_a
D:6:      layout_basic, kennysheep_mini_moat, chequers_serial_rivers_micro_b
D:7:      layout_loops_ring, serial_shops, nicolae_inconvenience_store
D:8:      layout_basic, lair_entry_dummy
D:9:      layout_grid_maze, gammafunk_temple_overflow_elements, uniq_amaemon,
          uniq_erica, uniq_pikel
D:10:     layout_irregular_city, fiery_altar_vehumet, david_orc_1_choice,
          enter_bailey_2
D:11:     layout_roguey, uniq_josephine
D:12:     layout_roguey [special_room_orc], abandoned_shop, grunt_ministairs_15
D:13:     layout_loops_ring, david_vaults_1, evilmike_butchery
D:14:     layout_cave_pods, serial_shops, shop, minmay_holes,
          nicolae_shop_i_like_big_books, chequers_serial_rivers_micro_a,
          minmay_misc_feat_cross, uniq_agnes, uniq_frances
D:15:     grunt_enter_depths_hoard, layout_layer_cave
Temple:   nicolae_temple_two_arcs
Lair:1:   layout_regular_city, serial_bayou_lagoon_a
Lair:2:   layout_chaotic_city, minmay_shoals_entry_centaurs,
          minmay_shattered_shrine, grunt_megastairs_5
Lair:3:   layout_cave_pods, minmay_snake_entry_guardpost_small,
          small_statue_intersection
Lair:4:   layout_loops_ring, slime_entry_1, lemuel_fruit_tree,
          grunt_megastairs_4, infiniplex_staircase_pool, serial_bayou_shore_b
Lair:5:   minmay_lair_end_enchanted_forest, layout_gridlike,
          serial_bayou_pond_a, serial_bayou_shore_a, uniq_kirke
Shoals:1: gammafunk_sealed_arena, layout_shoals,
          portal_ice_cave_entry_pillars_2, nicolae_take_the_stairs,
          nicolae_shoals_stone_sculpture_thing, nicolae_shoals_shepherds,
          uniq_louise
Shoals:2: layout_shoals, nicolae_shoals_enchanted_isle
Shoals:3: layout_shoals, gammafunk_ghost_necromancy
Shoals:4: shoals_end_hangedman, layout_shoals
Snake:1:  layout_misc_corridors
Snake:2:  layout_layer_cave, nicolae_snake_dead_anacondas, uniq_vashnia
Snake:3:  layout_misc_corridors, serial_shops, nicolae_shop_trees,
          nicolae_snake_gridmaze_zigzag
Snake:4:  johnstein_snake_rune_scales, layout_misc_corridors, basic_altar,
          special_room, nicolae_snake_gridmaze_big_u, uniq_aizul
Orc:1:    layout_caves, uniq_maurice, uniq_jorgrun
Orc:2:    grunt_orc_gardens, layout_caves, grunt_orc_garden, grunt_orc_garden,
          grunt_orc_garden, grunt_orc_garden, nicolae_orc_crystal_geode
Vaults:1: vaults_mumra_lcd, hangedman_vaults_nails, nicolae_vaults_alarming,
          grunt_vaults_funnel, ontoclasm_vaults_claustrophobia,
          ontoclasm_vaults_pinch, vaults_room_fancy_cross, v_misc_14,
          vaults_room_pool, grunt_vaults_hallway_long, vaults_room_hallway,
          layout_vaults_big_room
Vaults:2: nicolae_vaults_statue_guard, ontoclasm_vaults_ring_small, v_misc_33,
          hangedman_vaults_nails, grunt_vaults_bifocal, v_pattern_1, v_misc_22,
          nicolae_vaults_network_s, nicolae_vaults_sealed_display, v_misc_23,
          layout_vaults_omnigrid
Vaults:3: ebering_ghost_reflecting_pool, nicolae_vaults_rhombus_7,
          vaults_room_fours, v_rooms_5, minmay_crypt_entry_simple_round,
          nicolae_vaults_little_squares_4, nicolae_vaults_little_squares_6,
          nicolae_vaults_little_squares_1, nicolae_vaults_little_squares_5,
          hangedman_vaults_impose, vaults_dpeg_cross, layout_vaults_omnicross
Vaults:4: v_misc_4, nicolae_vaults_three_branches,
          nicolae_vaults_little_squares_3, hangedman_vaults_restitches,
          v_alt_pattern_1, hangedman_vaults_slice, v_pattern_2, v_misc_9,
          v_misc_8, vaults_room_pool, v_misc_8, nicolae_vaults_murderbox,
          v_misc_15, layout_vaults_maze_bifur
Vaults:5: uniq_mara
Crypt:1:  layout_regular_city, basic_altar, grunt_crypt_arrival_webbed,
          grunt_megastairs_2
Depths:1: layout_basic, enter_ziggurat_d, pf_hell_entry_tar_spiral,
          lemuel_blue_sif_altar
Depths:2: minmay_bloctagon, layout_gridlike, hangedman_coc_ice_floe,
          grunt_pan_entry_in_and_out, nicolae_stop_n_shop_1, minmay_shop_star
Depths:3: mu_elephants_graveyard, layout_cave_shapes, pan_entry, abyss_entry,
          hell_entry
Depths:4: grunt_zot_entry_pinwheel, layout_cave_pools,
          chequers_serial_rivers_marsh, hangedman_geh_valley, uniq_margery
Zot:1:    layout_cathedral_of_symmetry
Zot:2:    grunt_zot_stairs_mandelzot, layout_gridlike, grunt_megastairs_3
Zot:3:    layout_basic
Zot:4:    layout_gridlike

Skill      XL: |  1  2  3  4  5  6  7  8  9 10 11 12 13 14 15 16 17 18 19 20 21 22 23 24 |
---------------+-------------------------------------------------------------------------+-----
Axes           | 2 3 4 5 6 7 9 10 11 12 14 15 16 | 16.8
Throwing       | 1 3 4 6 7 8 9 10 11 12 13 14 | 14.0
Fighting       | 4 5 6 7 8 10 12 13 15 16 18 19 20 21 22 25 | 25.0
Dodging        | 1 2 3 4 5 7 8 9 |  9.0
Shields        | 5 7 8 9 12 13 14 15 16 17 18 19 20 21 22 | 22.0
Invocations    | 4 8 10 | 10.0
Armour         | 4 6 8 9 10 11 12 13 15 16 17 19 20 21 | 21.1

Action                   |  1- 3 |  4- 6 |  7- 9 | 10-12 | 13-15 | 16-18 | 19-21 | 22-24 | 25-27 || total
-------------------------+-------+-------+-------+-------+-------+-------+-------+-------+-------++-------
Melee: War axe           |    76 |   135 |   179 |   120 |   582 |  2475 |  2304 |  2441 |       ||  8312
       Broad axe         |       |       |       |   180 |   827 |       |       |    39 |   129 ||  1175
       Headbutt          |       |       |       |       |       |       |       |   117 |       ||   117
Throw: Javelin           |     5 |    41 |    11 |       |   112 |    57 |    75 |   101 |    29 ||   431
       Boomerang         |       |       |     3 |    77 |    45 |    18 |    13 |    27 |       ||   183
Invok: Heroism           |       |       |     7 |    30 |    51 |    59 |    42 |    51 |       ||   240
       Finesse           |       |       |       |     2 |    12 |     7 |    16 |    17 |       ||    54
  Use: Scroll            |     2 |     8 |     8 |     8 |     5 |     5 |     3 |     4 |     5 ||    48
       Potion            |     1 |     3 |     2 |     1 |     3 |     2 |     4 |    14 |     5 ||    35
 Stab: Distracted        |       |       |       |     1 |       |       |     1 |       |       ||     2
       Confused          |       |       |       |       |       |       |       |     2 |       ||     2
Armor: Scale mail        |    47 |    91 |    58 |       |       |       |       |       |       ||   196
       Chain mail        |       |       |    18 |     1 |       |       |       |       |       ||    19
       Plate armour      |       |       |       |    95 |   642 |   764 |   793 |   928 |   101 ||  3323
Dodge: Dodged            |    40 |    75 |    59 |    66 |   342 |   555 |   599 |   723 |    67 ||  2526
       Repelled          |       |       |       |       |       |       |    18 |    49 |     3 ||    70
Block: Buckler           |    21 |    29 |     3 |       |       |       |       |       |       ||    53
       Kite shield       |       |       |    50 |    17 |       |       |       |       |       ||    67
       Tower shield      |       |       |       |   191 |  1174 |  2638 |  2216 |  2656 |   197 ||  9072
       Reflection        |       |       |       |       |       |   227 |   128 |    36 |     3 ||   394

Table legend:
 A = Non-vault XP
 B = Vault XP
 C = Vault XP percentage of total XP
 D = Non-vault monster count
 E = Vault monster count
 F = Vault count percentage of total count
                 A         B        C        D         E       F
            +---------+---------+-------+---------+---------+-------
      Total |  645769 |  340874 |  34.5 |    1244 |     530 |  29.9
            +---------+---------+-------+---------+---------+-------
        D:1 |      48 |       0 |   0.0 |      20 |       0 |   0.0
        D:2 |      73 |       2 |   2.7 |      12 |       2 |  14.3
        D:3 |     115 |      38 |  24.8 |      26 |       7 |  21.2
        D:4 |     263 |     438 |  62.5 |      21 |       3 |  12.5
        D:5 |     645 |       0 |   0.0 |      13 |       0 |   0.0
        D:6 |     666 |       0 |   0.0 |      10 |       0 |   0.0
        D:7 |    1081 |       0 |   0.0 |      24 |       0 |   0.0
        D:8 |    1784 |       0 |   0.0 |      26 |       0 |   0.0
        D:9 |    1775 |    2654 |  59.9 |      11 |       4 |  26.7
       D:10 |    2448 |     666 |  21.4 |      22 |       9 |  29.0
       D:11 |    2036 |    2429 |  54.4 |       8 |       8 |  50.0
       D:12 |    5172 |    1259 |  19.6 |      16 |      26 |  61.9
       D:13 |    4991 |    1507 |  23.2 |      14 |       2 |  12.5
       D:14 |    8165 |    2894 |  26.2 |      21 |       2 |   8.7
       D:15 |   25410 |    1664 |   6.1 |      43 |       2 |   4.4
     Lair:1 |    3573 |      93 |   2.5 |      16 |       1 |   5.9
     Lair:2 |    7096 |    5206 |  42.3 |      28 |      15 |  34.9
     Lair:3 |    5171 |     492 |   8.7 |      15 |       3 |  16.7
     Lair:4 |   12846 |     504 |   3.8 |      40 |       2 |   4.8
     Lair:5 |   12851 |   10908 |  45.9 |      43 |      48 |  52.7
   Shoals:1 |   14237 |    4536 |  24.2 |      28 |      18 |  39.1
   Shoals:2 |    8390 |    9446 |  53.0 |      21 |      18 |  46.2
   Shoals:3 |   22922 |       0 |   0.0 |      47 |       0 |   0.0
   Shoals:4 |   13722 |   17440 |  56.0 |      27 |      29 |  51.8
    Snake:1 |   13653 |       0 |   0.0 |      31 |       0 |   0.0
    Snake:2 |   19960 |   15531 |  43.8 |      36 |      20 |  35.7
    Snake:3 |   21023 |       0 |   0.0 |      39 |       0 |   0.0
    Snake:4 |   17029 |   24058 |  58.6 |      27 |      36 |  57.1
      Orc:1 |    5943 |    3094 |  34.2 |      40 |       7 |  14.9
      Orc:2 |    2476 |    8469 |  77.4 |      30 |      22 |  42.3
   Vaults:1 |   27845 |   10075 |  26.6 |      42 |      16 |  27.6
   Vaults:2 |   36060 |    7773 |  17.7 |      54 |      11 |  16.9
   Vaults:3 |   15595 |    5784 |  27.1 |      25 |       8 |  24.2
   Vaults:4 |   36989 |   41667 |  53.0 |      54 |      51 |  48.6
   Vaults:5 |   12544 |   75550 |  85.8 |      21 |      68 |  76.4
    Crypt:1 |   26461 |    2326 |   8.1 |      45 |       2 |   4.3
   Depths:1 |   26165 |       0 |   0.0 |      33 |       0 |   0.0
   Depths:2 |   37029 |   22645 |  37.9 |      43 |      26 |  37.7
   Depths:3 |   36344 |   18706 |  34.0 |      43 |      18 |  29.5
   Depths:4 |   45961 |   23581 |  33.9 |      42 |      23 |  35.4
      Zot:1 |   12509 |       0 |   0.0 |      11 |       0 |   0.0
      Zot:2 |   34085 |   19439 |  36.3 |      26 |      23 |  46.9
      Zot:3 |   38829 |       0 |   0.0 |      29 |       0 |   0.0
      Zot:4 |   23789 |       0 |   0.0 |      21 |       0 |   0.0
            +---------+---------+-------+---------+---------+-------
